 Dungeon Crawl Stone Soup version 0.29.0-15-g675c0067aa (webtiles) character file.

Game seed: 15966490298884711306

558394 qw the Slayer (level 26, -6/188 HPs)
             Began as a Gargoyle Delver on Sept 11, 2022.
             Was a High Priest of Okawaru.
             Killed by divine providence
             ... invoked by a living spell
             ... summoned by a walking divine tome
              (12 damage)
             ... on level 3 of the Realm of Zot.
             The game lasted 00:30:07 (56736 turns).

qw the Slayer (Gargoyle Delver)                    Turns: 56736, Time: 00:30:07

Health: -6/188     AC: 75    Str: 33    XL:     26   Next: 55%
Magic:  29/30      EV: 18    Int: 15    God:    Okawaru [*****.]
Gold:   870        SH: 30    Dex: 13    Spells: 25/25 levels left

rFire   + . .      SeeInvis +   k - +2 broad axe (vamp)
rCold   + + .      Faith    .   E - +1 tower shield {AC+3}
rNeg    + + .      Spirit   .   J - +8 orange crystal plate armour {Archmagi, Int+3 Clar}
rPois   inf        Reflect  +   s - +2 hat {SInv}
rElec   +          Harm     .   B - +1 cloak of Starlight {*Dazzle EV+4 Stlth--}
rCorr   +          Rampage  .   w - +2 pair of gloves {hurl}
Will    ++...      Archmagi +   x - +2 pair of boots "Lidekeeru" {Dex+4}
Stlth   .......... Clarity  +   I - amulet of Izxeic {Reflect rF+ SH+5}
HPRegen 0.41/turn               v - ring "Refy" {rElec rN+ Will+ rCorr Str+6}
MPRegen 0.22/turn               C - ring of Propriety {+Blink rC++ Dex-2 Slay+4}

@: about to teleport, heroic, flying
A: sickness immunity, AC +20, big wings, negative energy resistance 1,
electricity resistance, torment resistance 1, petrification resistance
}: 3/15 runes: serpentine, barnacled, silver
a: Renounce Religion, Evoke Blink, Heroism, Finesse, Duel


You were on level 3 of the Realm of Zot.
You worshipped Okawaru.
Okawaru was extremely pleased with you.
You visited 9 branches of the dungeon, and saw 43 of its levels.
You visited the Abyss 1 time.
You visited 1 bazaar.

You collected 6641 gold pieces.
You spent 5771 gold pieces at shops.


Innate Abilities, Weirdness & Mutations

You are immune to sickness and miasma.
Your stone body is resilient. (AC +20)
You are immune to poison.
Your large and strong wings let you fly.
You resist negative energy. (rN+)
You are resistant to electric shocks. (rElec)
You are resistant to unholy torment.
You are immune to petrification.


   Skills:
 - Level 25.0(27) Fighting
 - Level 18.0(23.0) Axes
 + Level 14.0(19.0) Throwing
 - Level 22.0(27) Armour
 - Level 9.0(14.0) Dodging
 - Level 5.4(10.4) Stealth
 - Level 22.0(27) Shields
 - Level 10.2 Invocations


You had 25 spell levels left.
You didn't know any spells.
Your spell library was empty.

Inventory:

Hand Weapons
 k - a +2 vampiric broad axe (weapon)
Missiles
 d - 2 javelins (quivered)
 o - 3 silver javelins
 t - 12 boomerangs
Armour
 s - a +2 hat of see invisible (worn)
 w - a +2 pair of gloves of hurling (worn)
 x - the +2 pair of boots "Lidekeeru" (worn) {Dex+4}
   (You found it on level 11 of the Dungeon)

   Dex:       It affects your dexterity (+4).
 y - a +1 helmet
 B - the +1 cloak of Starlight (worn) {*Dazzle EV+4 Stlth--}
   (You found it on level 2 of the Depths)

   It may blind those who miss an attack against the wearer in melee combat.
   EV:        It affects your evasion (+4).
   Stlth:     It makes you much less stealthy.
 E - a +1 tower shield of protection (worn)
 J - the +8 orange crystal plate armour (worn) {Archmagi, Int+3 Clar}
   (You found it on level 5 of the Vaults)

   Int:       It affects your intelligence (+3).
   Clar:      It protects you against confusion.
Jewellery
 i - the amulet of Wouhas {+Inv Regen+ Str+2 Int-3 Dex+9}
   (You bought it in a shop on level 2 of the Orcish Mines)

   [amulet of regeneration]

   Str:       It affects your strength (+2).
   Int:       It affects your intelligence (-3).
   Dex:       It affects your dexterity (+9).
   +Inv:      It lets you turn invisible.
   Regen:     It increases your rate of health regeneration.
 l - a ring of protection from fire
 m - a +4 ring of evasion
 q - a ring of protection from fire
 u - the ring of Qetal {rC+ Str+3 Int+6 Dex+4}
   (You found it on level 2 of the Depths)

   [ring of intelligence]

   Str:       It affects your strength (+3).
   Int:       It affects your intelligence (+6).
   Dex:       It affects your dexterity (+4).
   rC:        It protects you from cold.
 v - the ring "Refy" (left hand) {rElec rN+ Will+ rCorr Str+6}
   (You acquired it in a bazaar)

   [ring of strength]

   Str:       It affects your strength (+6).
   rElec:     It insulates you from electricity.
   rN:        It protects you from negative energy.
   rCorr:     It protects you from acid and corrosion.
   Will:      It increases your willpower.
 C - the ring of Propriety (right hand) {+Blink rC++ Dex-2 Slay+4}
   (You found it on level 2 of the Shoals)

   [ring of slaying]

   Dex:       It affects your dexterity (-2).
   Slay:      It affects your accuracy & damage with ranged weapons and melee
   (+4).
   rC:        It greatly protects you from cold.
   +Blink:    It lets you blink.
 I - the amulet of Izxeic (around neck) {Reflect rF+ SH+5}
   (You took it off a tengu reaver on level 5 of the Vaults)

   [amulet of reflection]

   It reflects blocked missile attacks.
   rF:        It protects you from fire.
   SH:        It affects your SH (+5).
 Y - a +4 ring of protection
Wands
 g - a wand of digging (3)
Scrolls
 a - 19 scrolls of identify
 b - 10 scrolls of enchant armour
 A - 7 scrolls of teleportation
 F - 3 scrolls of brand weapon
Potions
 c - 4 potions of cancellation
 e - 4 potions of resistance
 f - 10 potions of haste
 h - 9 potions of mutation
 j - 2 potions of magic
 n - 20 potions of curing
 r - 7 potions of might
 D - 5 potions of heal wounds

Dungeon Overview and Level Annotations

Branches:
Dungeon (15/15)            Temple (1/1) D:4            Lair (5/5) D:11
 Shoals (4/4) Lair:3        Snake (4/4) Lair:2        Slime (0/5) Lair:4
    Orc (2/2) D:10            Elf (0/3) Orc:2        Vaults (5/5) D:14
  Crypt (0/3) Vaults:2     Depths (4/4) D:15            Zot (3/5) Depths:4

Altars:
Ashenzari
Cheibriados
Dithmenos
Elyvilon
Fedhas
Gozag
Hepliaklqana
Kikubaaqudgha
Makhleb
Nemelex Xobeh
Okawaru
Qazlal
Ru
Sif Muna
Trog
Uskayaw
Vehumet
Wu Jian
Xom
Yredelemnul
Zin
The Shining One
Jiyva

Shops:
D:1 :   D:3 !   D:8 *   D:9 *   D:15 (   Orc:2 (*(!=[=:*   Shoals:3 [
Snake:1 *:   Snake:2 (   Vaults:3 :   Vaults:4 *   Depths:1 *[(?(

Portals:
Hell: Depths:1 Depths:2 Depths:3 Depths:4
Abyss: Depths:3
Pandemonium: Depths:2
Ziggurat: Depths:4

Annotations:
D:3 2 transporters, qw's ghost, weakling GrDe
Vaults:2 2 transporters
Depths:1 4 transporters
Depths:2 1 transporter, qw's ghost, adept MiBe


Message History

The living spell casts itself at you. Something smites you!
You barely miss the nargun.
The nargun is heavily damaged.
You slice the nargun!! The living spell casts itself at you.
Something smites you! The living spell casts itself at you.
Something smites you! The living spell casts itself at you.
Something smites you!
You chop the nargun into pieces!!!
You destroy the nargun!
Okawaru accepts your kill.
You hit the nargun but do no damage.
The walking divine tome erupts in a flurry of living spells!
You resist with almost no effort.
A walking divine tome comes into view.
The living spell casts itself at you. Something smites you!
56736 ||| READING 8 scrolls of teleportation.
As you read the scroll of teleportation, it crumbles to dust.
You feel strangely unstable.
You feel the Orb delaying your translocation!
The walking divine tome's pages rustle loudly.
You block the +4 double sword's attack.
The walking frostbound tome erupts in a flurry of living spells!
The walking divine tome erupts in a flurry of living spells!
The walking earthen tome erupts in a flurry of living spells!
The walking crystal tome erupts in a flurry of living spells!
The nargun hits you but does no damage. You block the nargun's attack.
The living spell casts itself at you. Something smites you!
You block the +4 double sword's attack. The living spell casts itself at you.
Something smites you! The living spell casts itself at you.
Something smites you! The living spell casts itself at you.
Something smites you!
You die...

##### ####***.>.
####.@9*(;;..
##....#(;**;.* ##
##.....##*..**. ###.
###.......#***.;. #...
.#....#...##*;...
+...##.#...###...#>*.*.
#...[..#....##...# ....
#..<.###....##..##}...
#.....###....#...##


You could see a walking earthen tome, a walking crystal tome, 3 walking divine
tomes, a walking frostbound tome, a nargun, 2 dancing weapons and 16 living
crystal spells.

Vanquished Creatures
  2 dread liches (Zot:1)
  An ancient lich (Vaults:5)
  A juggernaut (Depths:3)
  Bai Suzhen (Vaults:3)
  A curse toe (Zot:1)
  Xtahua (Depths:3)
  10 caustic shrikes
  7 golden dragons
  Nikola (Vaults:1)
  A bone dragon (Zot:1)
  2 electric golems (Zot:2)
  11 tentacled monstrosities
  Jorgrun (Shoals:1)
  Rupert (D:15)
  A walking crystal tome (Depths:3)
  8 titans
  4 quicksilver dragons
  6 liches
  2 deep elf blademasters (Depths:2)
  Asterion (Snake:1)
  6 death cobs
  A kraken (Shoals:1)
  Gastronok (D:9)
  Agnes (D:15)
  7 sphinxes
  11 shadow dragons
  Donald (Shoals:1)
  3 tengu reavers
  10 storm dragons
  A draconian monk (Zot:2)
  11 fire giants
  8 nagarajas
  5 frost giants
  3 draconian knights
  A nargun (Zot:3)
  3 deep elf sorcerers
  17 vault wardens
  4 spectral caustic shrikes (Depths:1)
  4 iron dragons
  5 orc warlords
  4 draconian scorchers
  A draconian stormcaller (Zot:2)
  2 draconian annihilators
  21 ironbound preservers
  A draconian shifter (Zot:2)
  23 very ugly things
  14 stone giants
  5 ironbound thunderhulks
  2 spriggan defenders
  3 war gargoyles
  2 deep elf demonologists (Vaults:5)
  A vampire knight (Depths:2)
  14 green draconians
  7 entropy weavers
  9 dire elephants
  5 black draconians (Zot:2)
  14 white draconians
  5 red draconians
  A deep elf annihilator (Vaults:5)
  10 yellow draconians
  15 spark wasps
  A lorocyproca (Abyss:3)
  8 purple draconians
  An eleionoma (shapeshifter) (Vaults:5)
  A deep elf death mage (Vaults:5)
  An eidolon (Abyss:3)
  21 ettins
  10 fire dragons
  2 crystal guardians (Vaults:4)
  2 merfolk javelineers
  19 yaktaur captains
  3 great orbs of eyes
  10 merfolk impalers
  Josephine (D:12)
  4 boulder beetles
  2 rakshasas (Depths:2)
  5 deep elf high priests (Vaults:5)
  10 ice dragons
  A peacekeeper (Vaults:4)
  36 vault guards
  5 hydras
  4 salamander tyrants (Snake:4)
  7 ironbound frosthearts
  A catoblepas (Lair:2)
  4 spriggan air magi
  3 ogre magi
  A merfolk aquamancer (Shoals:1)
  A two-headed ogre (shapeshifter) (Depths:2)
  4 anacondas
  8 two-headed ogres
  4 merfolk avatars
  2 alligator snapping turtles
  3 deep troll shamans
  14 centaur warriors
  23 naga warriors
  7 deep troll earth magi
  6 satyrs (Shoals:4)
  2 tengu warriors
  A vampire mage (Depths:2)
  2 orc high priests (Orc:2)
  5 shock serpents
  11 hell knights
  3 spriggan berserkers (Depths:3)
  14 naga sharpshooters
  A titan skeleton (Vaults:4)
  A fire crab (Lair:4)
  A deep elf knight (Vaults:5)
  4 iron trolls (Depths:2)
  6 sea snakes
  A wretched star (Abyss:3)
  Amaemon (D:11)
  A skeletal warrior (D:11)
  66 deep trolls
  A death drake (shapeshifter) (Vaults:5)
  6 salamander mystics
  6 naga ritualists
  2 glowing orange brains
  3 deep elf archers (Vaults:5)
  3 flayed ghosts
  8 wizards
  20 orc knights
  3 phantasmal warriors
  3 necromancers
  18 lindwurms
  23 ironbound convokers
  A mana viper (shapeshifter) (D:15)
  A wolf spider (D:11)
  A deep elf zephyrmancer (Vaults:5)
  8 deep elf pyromancers
  29 harpies
  2 orc sorcerers (Orc:2)
  13 mana vipers
  22 salamanders
  44 ugly things
  3 cyclopes
  16 manticores
  29 fauns
  A manticore (shapeshifter) (Depths:3)
  A sphinx skeleton (Vaults:4)
  4 merfolk sirens
  Joseph (D:10)
  An elephant (shapeshifter) (Zot:1)
  A smoke demon (Abyss:3)
  6 elephants (Lair:4)
  24 moths of wrath
  43 black mambas
  8 water nymphs
  A frost giant skeleton (Vaults:4)
  10 guardian serpents
  14 vault sentinels
  19 naga magi
  2 gargoyles
  2 orange demons
  9 cane toads
  Maggie (D:8)
  A rime drake (shapeshifter) (Vaults:5)
  2 rime drakes
  3 unseen horrors
  3 kobold demonologists (D:12)
  An ancient zyme (Abyss:3)
  43 yaktaurs
  2 tengu conjurers (D:14)
  An efreet (D:15)
  6 komodo dragons
  A freezing wraith (D:15)
  4 wind drakes
  5 trolls
  8 polar bears (Lair:5)
  5 raiju (Abyss:3)
  16 merfolk
  15 hornets
  32 slime creatures
  A dream sheep (Lair:1)
  3 snapping turtles
  3 tarantellas
  18 blink frogs
  11 saltlings (Orc:2)
  A dream sheep (shapeshifter) (Vaults:5)
  2 jumping spiders (Vaults:1)
  20 spriggans
  A ynoxinul (Abyss:3)
  A shadow (D:12)
  A centaur simulacrum (D:14)
  18 yaks
  A vampire (D:11)
  9 wraiths
  6 basilisks
  5 water elementals
  4 golden eyes (Abyss:3)
  3 redbacks
  A steam dragon (D:9)
  4 vampire mosquitoes (D:12)
  2 large abominations (Abyss:3)
  45 nagas
  A neqoxec (Abyss:3)
  3 small abominations (Abyss:3)
  Menkaure (D:6)
  A glowing shapeshifter zombie (Vaults:4)
  4 acid dragons
  9 water moccasins
  An ice beast (D:7)
  22 orc warriors
  5 black bears
  8 ogres
  23 wolves
  4 boggarts (Lair:5)
  4 centaurs
  A phantom (D:4)
  4 kobold brigands
  10 bullfrogs
  2 necrophages
  2 scorpions (D:5)
  4 wights (D:8)
  3 howler monkeys
  An electric eel (Lair:5)
  A lava snake (Snake:1)
  3 jellies
  A quasit (Abyss:3)
  An iron imp (Abyss:3)
  17 orc priests
  2 hounds (D:6)
  2 gnoll boudas
  Terence (D:3)
  4 hell rats (Lair:4)
  4 iguanas
  21 orc wizards
  17 gnolls
  6 adders
  2 white imps
  An ufetubus (D:7)
  2 worms
  5 dart slugs
  78 orcs
  7 bats
  2 endoplasms
  9 giant cockroaches
  8 goblins
  9 hobgoblins
  21 kobolds
  A quokka (D:3)
  5 ball pythons
  7 frilled lizards
  7 rats
  4 pillars of salt (Orc:2)
  4 tentacles (Shoals:1)
1766 creatures vanquished.

Vanquished Creatures (others)
  A draconian knight (Zot:2)
  Aizul (Depths:1)
  2 wizards
  23 fungi
  2 lurking horrors (Abyss:3)
  6 pillars of salt (Orc:2)
  117 plants
  3 tentacles (Shoals:1)
155 creatures vanquished.

Grand Total: 1921 creatures vanquished

Notes
Turn   | Place    | Note
-------+----------+-------------------------------------------
     0 | D:5      | qw the Gargoyle Delver began the quest for the Orb.
     0 | D:5      | Reached XP level 1. HP: 14/14 MP: 1/1
     0 | D:5      | 0 ||| qw: Version: 0.1-a-117-gfe26ee0
     0 | D:5      | 0 ||| qw: Game counter: 9864
     0 | D:5      | 0 ||| qw: Always use a shield: true
     0 | D:5      | 0 ||| qw: God list: Okawaru
     0 | D:5      | 0 ||| qw: Allow faded altars: false
     0 | D:5      | 0 ||| qw: Do Orc after D:15 true
     0 | D:5      | 0 ||| qw: Do second Lair branch before Depths: true
     0 | D:5      | 0 ||| qw: Lair rune preference: random
     0 | D:5      | 0 ||| qw: Plans: Normal
     0 | D:5      | 0 ||| PLANNING D:1-11
     8 | D:5      | Noticed an iguana
    26 | D:5      | Killed an iguana
    27 | D:5      | Reached skill level 3 in Axes
    27 | D:5      | Reached XP level 2. HP: 11/19 MP: 2/2
    27 | D:5      | Reached XP level 3. HP: 13/23 MP: 3/3
   193 | D:5      | 193 ||| DROPPING scroll of fog.
   194 | D:5      | 194 ||| DROPPING scroll of magic mapping.
   195 | D:5      | 195 ||| DROPPING scroll of fear.
   506 | D:2      | 506 ||| FLEEEEING.
   507 | D:2      | 507 ||| FLEEEEING.
   510 | D:2      | 510 ||| STAIRDANCE
   805 | D:1      | 805 ||| Stepping ~*~*~tactically~*~*~ (stealth).
   814 | D:1      | 814 ||| Stepping ~*~*~tactically~*~*~ (stealth).
   817 | D:1      | 817 ||| Stepping ~*~*~tactically~*~*~ (stealth).
   850 | D:1      | 850 ||| Stepping ~*~*~tactically~*~*~ (stealth).
   853 | D:1      | 853 ||| Stepping ~*~*~tactically~*~*~ (stealth).
   856 | D:1      | 856 ||| Stepping ~*~*~tactically~*~*~ (stealth).
   863 | D:1      | 863 ||| Stepping ~*~*~tactically~*~*~ (stealth).
   865 | D:1      | 865 ||| Stepping ~*~*~tactically~*~*~ (stealth).
   866 | D:1      | 866 ||| Stepping ~*~*~tactically~*~*~ (stealth).
  1202 | D:1      | Reached XP level 4. HP: 28/28 MP: 4/4
  1418 | D:1      | Found Sarchagh's Book Shoppe.
  1487 | D:1      | 1487 ||| UPGRADING to +0 helmet.
  1492 | D:1      | 1492 ||| UPGRADING to +4 ring of evasion.
  1493 | D:1      | 1493 ||| UPGRADING to +4 ring of protection.
  1494 | D:1      | 1494 ||| READING scroll labelled MIFUDGH BOCK.
  1495 | D:1      | 1495 ||| READING scroll labelled VUYBIP ISTEIN.
  1521 | D:2      | 1521 ||| Stepping ~*~*~tactically~*~*~ (hiding).
  1603 | D:2      | 1603 ||| Stepping ~*~*~tactically~*~*~ (stealth).
  1605 | D:2      | 1605 ||| Stepping ~*~*~tactically~*~*~ (stealth).
  1846 | D:2      | 1846 ||| DROPPING +0 club.
  1860 | D:2      | 1860 ||| Stepping ~*~*~tactically~*~*~ (stealth).
  2061 | D:2      | 2061 ||| UPGRADING to +0 scale mail.
  2076 | D:2      | 2076 ||| DROPPING +0 leather armour.
  2077 | D:2      | 2077 ||| UPGRADING to scarf of repulsion.
  2167 | D:2      | 2167 ||| Stepping ~*~*~tactically~*~*~ (hiding).
  2249 | D:2      | 2249 ||| UPGRADING to amulet of reflection.
  2254 | D:2      | 2254 ||| READING scroll labelled JANIOK VASHRIM.
  2259 | D:2      | 2259 ||| READING scroll labelled AZXUET FEUWK.
  2260 | D:2      | 2260 ||| DRINKING 2 dark potions.
  2321 | D:3      | Found Lonav's Distillery.
  2335 | D:3      | 2335 ||| BUYING potion of cancellation (88 gold).
  2335 | D:3      | Bought a potion of cancellation for 88 gold pieces
  2335 | D:3      | 2335 ||| SHOPLISTING potion of curing (33 gold, have 18).
  2335 | D:3      | 2335 ||| SHOPLISTING potion of heal wounds (55 gold, have
                  | 18).
  2424 | D:3      | Noticed Terence
  2425 | D:3      | Reached skill level 1 in Armour
  2425 | D:3      | 2425 ||| Stepping ~*~*~tactically~*~*~ (hiding).
  2440 | D:3      | Killed Terence
  2441 | D:3      | Reached XP level 5. HP: 24/32 MP: 5/5
  2598 | D:3      | Found a transporter.
  2598 | D:3      | Noticed qw's ghost (weakling GrDe)
  2606 | D:3      | Found a transporter.
  2609 | D:3      | 2609 ||| UPGRADING to +0 kite shield.
  2615 | D:3      | 2615 ||| DROPPING amulet of guardian spirit.
  2616 | D:3      | 2616 ||| Stepping randomly (stuck).
  2739 | D:3      | 2739 ||| Stepping ~*~*~tactically~*~*~ (stealth).
  2740 | D:3      | 2740 ||| Stepping ~*~*~tactically~*~*~ (stealth).
  2741 | D:3      | 2741 ||| Stepping ~*~*~tactically~*~*~ (stealth).
  2762 | D:3      | Reached skill level 1 in Shields
  2789 | D:3      | Reached skill level 3 in Shields
  2793 | D:3      | Reached XP level 6. HP: 29/37 MP: 6/6
  2857 | D:3      | 2857 ||| DROPPING +0 whip.
  2880 | D:3      | 2880 ||| Stepping ~*~*~tactically~*~*~ (hiding).
  2982 | D:3      | 2982 ||| Stepping ~*~*~tactically~*~*~ (hiding).
  3084 | D:3      | 3084 ||| Stepping ~*~*~tactically~*~*~ (hiding).
  3186 | D:3      | 3186 ||| Stepping ~*~*~tactically~*~*~ (hiding).
  3288 | D:3      | 3288 ||| Stepping ~*~*~tactically~*~*~ (hiding).
  3390 | D:3      | 3390 ||| Stepping ~*~*~tactically~*~*~ (hiding).
  3681 | D:3      | 3681 ||| READING scroll labelled OTWUTOUGIU.
  3782 | D:3      | 3782 ||| DRINKING 2 fuming orange potions.
  3783 | D:3      | 3783 ||| DROPPING potion of attraction.
  3817 | D:4      | Found a staircase to the Ecumenical Temple.
  3818 | D:4      | 3818 ||| PLANNING TEMPLE
  3822 | Temple   | Entered the Ecumenical Temple
  3988 | Temple   | 3988 ||| PLANNING D:1-11
  4011 | Temple   | Became a worshipper of Warmaster Okawaru
  4075 | D:4      | HP: 9/37 [acid (4)]
  4076 | D:4      | 4076 ||| READING scroll of teleportation.
  4078 | D:4      | HP: 3/37 [acid (5)]
  4814 | D:4      | 4814 ||| Stepping ~*~*~tactically~*~*~ (stealth).
  4816 | D:4      | 4816 ||| Stepping ~*~*~tactically~*~*~ (stealth).
  4818 | D:4      | 4818 ||| Stepping ~*~*~tactically~*~*~ (stealth).
  4991 | D:4      | Reached XP level 7. HP: 37/41 MP: 7/7
  5041 | D:4      | 5041 ||| Stepping ~*~*~tactically~*~*~ (stealth).
  5256 | D:4      | 5256 ||| Stepping ~*~*~tactically~*~*~ (stealth).
  5258 | D:4      | 5258 ||| Stepping ~*~*~tactically~*~*~ (stealth).
  5259 | D:4      | 5259 ||| Stepping ~*~*~tactically~*~*~ (stealth).
  5683 | D:4      | 5683 ||| UPGRADING to +0 fire dragon scales.
  5693 | D:4      | 5693 ||| DROPPING +0 scale mail.
  5694 | D:4      | 5694 ||| READING scroll labelled EROONI KUAFENLE.
  5695 | D:4      | 5695 ||| DRINKING 2 metallic purple potions.
  5744 | D:5      | 5744 ||| Stepping ~*~*~tactically~*~*~ (hiding).
  5921 | D:5      | 5921 ||| READING scroll of brand weapon.
  5921 | D:5      | 5921 ||| BRANDING +0 hand axe of freezing.
  5966 | D:5      | Reached * piety under Okawaru
  6040 | D:5      | 6040 ||| INVOKING Heroism.
  6067 | D:5      | 6067 ||| Stepping ~*~*~tactically~*~*~ (stealth).
  6070 | D:5      | 6070 ||| Stepping ~*~*~tactically~*~*~ (stealth).
  6074 | D:5      | 6074 ||| Stepping ~*~*~tactically~*~*~ (stealth).
  6075 | D:5      | 6075 ||| FLEEEEING.
  6076 | D:5      | 6076 ||| FLEEEEING.
  6111 | D:5      | 6111 ||| SWAPPING to +0 war axe.
  6123 | D:5      | 6123 ||| DROPPING +0 hand axe of protection.
  6517 | D:5      | Reached skill level 4 in Fighting
  6642 | D:5      | 6642 ||| UPGRADING to +1 pair of gloves of hurling.
  6647 | D:5      | 6647 ||| DROPPING ring of wizardry.
  6648 | D:5      | 6648 ||| READING scroll labelled REAZEETEBY.
  6649 | D:5      | 6649 ||| READING 2 scrolls labelled QOYCWA OCZING.
  6650 | D:5      | 6650 ||| DROPPING scroll of vulnerability.
  6784 | D:6      | Identified the +6 flail of Qyurgh Woefu {flame, rF+ MP+9}
  6786 | D:6      | 6786 ||| DROPPING +0 flail of draining.
  6846 | D:6      | 6846 ||| Stepping ~*~*~tactically~*~*~ (stealth).
  6856 | D:6      | Reached skill level 1 in Invocations
  6898 | D:6      | Reached skill level 1 in Throwing
  6898 | D:6      | Reached XP level 8. HP: 48/48 MP: 7/9
  7028 | D:6      | 7028 ||| INVOKING Heroism.
  7106 | D:6      | Noticed Menkaure
  7107 | D:6      | 7107 ||| Stepping ~*~*~tactically~*~*~ (hiding).
  7108 | D:6      | 7108 ||| Stepping ~*~*~tactically~*~*~ (hiding).
  7114 | D:6      | 7114 ||| INVOKING Heroism.
  7119 | D:6      | Killed Menkaure
  7120 | D:6      | Reached skill level 3 in Invocations
  7402 | D:6      | 7402 ||| Stepping ~*~*~tactically~*~*~ (stealth).
  7409 | D:6      | Reached skill level 6 in Axes
  7526 | D:6      | 7526 ||| INVOKING Heroism.
  7715 | D:6      | 7715 ||| DROPPING +0 chain mail.
  7716 | D:6      | 7716 ||| UPGRADING to +0 plate armour.
  7726 | D:6      | 7726 ||| READING 2 scrolls labelled BUHOTI FOEMUROEW.
  7727 | D:6      | 7727 ||| READING scroll of enchant armour.
  7727 | D:6      | 7727 ||| ENCHANTING +1 pair of gloves of hurling.
  7728 | D:6      | 7728 ||| READING scroll labelled PISAAM JIMAMUO.
  7729 | D:6      | 7729 ||| DRINKING 3 glowing black potions.
  7730 | D:6      | 7730 ||| DROPPING 2 potions of flight.
  7786 | D:7      | Reached skill level 3 in Armour
  7816 | D:7      | 7816 ||| INVOKING Heroism.
  7825 | D:7      | Reached skill level 6 in Shields
  7836 | D:7      | Reached ** piety under Okawaru
  7838 | D:7      | 7838 ||| INVOKING Heroism.
  7845 | D:7      | Reached XP level 9. HP: 26/52 MP: 10/12
  8172 | D:7      | 8172 ||| Stepping ~*~*~tactically~*~*~ (hiding).
  8342 | D:7      | 8342 ||| Stepping ~*~*~tactically~*~*~ (hiding).
  8346 | D:7      | 8346 ||| INVOKING Heroism.
  8415 | D:7      | Reached skill level 5 in Fighting
  8753 | D:7      | 8753 ||| READING 3 scrolls of identify.
  8753 | D:7      | 8753 ||| IDENTIFYING lumpy silvery potion
  8754 | D:7      | 8754 ||| READING 2 scrolls of identify.
  8754 | D:7      | 8754 ||| IDENTIFYING murky clear potion
  8782 | D:8      | 8782 ||| Stepping ~*~*~tactically~*~*~ (hiding).
  8784 | D:8      | 8784 ||| INVOKING Heroism.
  8922 | D:8      | Found Rattogri's General Store.
  8933 | D:8      | Noticed Maggie
  8935 | D:8      | 8935 ||| INVOKING Heroism.
  8941 | D:8      | 8941 ||| DRINKING 6 potions of curing.
  8941 | D:8      | 8941 ||| (to cure confusion)
  8950 | D:8      | 8950 ||| INVOKING Heroism.
  8960 | D:8      | Killed Maggie
  8960 | D:8      | Reached *** piety under Okawaru
  9164 | D:8      | 9164 ||| Stepping ~*~*~tactically~*~*~ (hiding).
  9167 | D:8      | 9167 ||| INVOKING Heroism.
  9343 | D:8      | 9343 ||| READING scroll of enchant armour.
  9343 | D:8      | 9343 ||| ENCHANTING +0 helmet.
  9498 | D:8      | Found an opulent altar of Gozag.
  9498 | D:8      | Found a stormy altar of Qazlal.
  9579 | D:8      | 9579 ||| DROPPING ring of magical power.
  9580 | D:8      | 9580 ||| READING scroll labelled NENAEC GANEUDD.
  9581 | D:8      | 9581 ||| DRINKING 4 cyan potions.
  9582 | D:8      | 9582 ||| READING 3 scrolls of identify.
  9582 | D:8      | 9582 ||| IDENTIFYING green potion
  9583 | D:8      | 9583 ||| READING 2 scrolls of identify.
  9583 | D:8      | 9583 ||| IDENTIFYING silvery potion
  9584 | D:8      | 9584 ||| DROPPING potion of brilliance.
  9585 | D:8      | 9585 ||| DROPPING potion of lignification.
  9642 | D:9      | Noticed a hornet
  9652 | D:9      | 9652 ||| INVOKING Heroism.
  9660 | D:9      | Killed a hornet
  9661 | D:9      | Reached XP level 10. HP: 42/60 MP: 11/13
  9768 | D:9      | Reached skill level 6 in Fighting
  9784 | D:9      | 9784 ||| Stepping ~*~*~tactically~*~*~ (hiding).
  9787 | D:9      | 9787 ||| INVOKING Heroism.
  9836 | D:9      | Noticed Gastronok
  9837 | D:9      | 9837 ||| INVOKING Heroism.
  9860 | D:9      | HP: 14/60 [Gastronok (23)]
  9861 | D:9      | 9861 ||| DRINKING 3 potions of heal wounds.
  9869 | D:9      | Killed Gastronok
  9869 | D:9      | Reached **** piety under Okawaru
  9870 | D:9      | Reached skill level 9 in Shields
 10114 | D:9      | 10114 ||| INVOKING Heroism.
 10154 | D:9      | Found Nudoh's Assorted Antiques.
 10155 | D:9      | 10155 ||| Stepping ~*~*~tactically~*~*~ (stealth).
 10157 | D:9      | 10157 ||| Stepping ~*~*~tactically~*~*~ (stealth).
 10159 | D:9      | 10159 ||| Stepping ~*~*~tactically~*~*~ (stealth).
 10161 | D:9      | 10161 ||| Stepping ~*~*~tactically~*~*~ (stealth).
 10162 | D:9      | 10162 ||| INVOKING Heroism.
 10167 | D:9      | 10167 ||| Stepping ~*~*~tactically~*~*~ (stealth).
 10168 | D:9      | 10168 ||| Stepping ~*~*~tactically~*~*~ (stealth).
 10170 | D:9      | 10170 ||| Stepping ~*~*~tactically~*~*~ (stealth).
 10172 | D:9      | 10172 ||| Stepping ~*~*~tactically~*~*~ (stealth).
 10196 | D:9      | 10196 ||| BUYING potion of mutation (184 gold).
 10196 | D:9      | Bought a potion of mutation for 184 gold pieces
 10645 | D:9      | 10645 ||| DROPPING +0 cloak.
 10646 | D:9      | 10646 ||| UPGRADING to +0 hat of see invisible.
 10656 | D:9      | 10656 ||| READING 4 scrolls of identify.
 10656 | D:9      | 10656 ||| IDENTIFYING amethyst potion
 10657 | D:9      | 10657 ||| DROPPING potion of degeneration.
 10670 | D:10     | Entered Level 10 of the Dungeon
 10742 | D:10     | 10742 ||| INVOKING Heroism.
 10747 | D:10     | 10747 ||| Stepping ~*~*~tactically~*~*~ (stealth).
 10760 | D:10     | 10760 ||| Stepping ~*~*~tactically~*~*~ (stealth).
 10761 | D:10     | 10761 ||| Stepping ~*~*~tactically~*~*~ (hiding).
 10771 | D:10     | 10771 ||| INVOKING Heroism.
 10790 | D:10     | 10790 ||| INVOKING Heroism.
 10793 | D:10     | 10793 ||| FLEEEEING.
 10794 | D:10     | 10794 ||| FLEEEEING.
 10795 | D:10     | 10795 ||| FLEEEEING.
 10801 | D:10     | HP: 9/60 [orc warrior/+0 flail (11)]
 10802 | D:10     | 10802 ||| DRINKING 4 potions of heal wounds.
 10813 | D:10     | Reached ***** piety under Okawaru
 10814 | D:10     | Reached skill level 6 in Invocations
 10960 | D:10     | Found a staircase to the Orcish Mines.
 11113 | D:10     | Noticed an unseen horror
 11125 | D:10     | Killed an unseen horror
 11126 | D:10     | Reached skill level 9 in Axes
 11235 | D:10     | 11235 ||| INVOKING Heroism.
 11241 | D:10     | Reached XP level 11. HP: 64/64 MP: 12/15
 11330 | D:10     | Noticed Joseph
 11342 | D:10     | 11342 ||| INVOKING Heroism.
 11351 | D:10     | HP: 16/66 [Joseph/+0 quarterstaff (15)]
 11352 | D:10     | 11352 ||| DRINKING 3 potions of heal wounds.
 11364 | D:10     | 11364 ||| INVOKING Heroism.
 11368 | D:10     | Killed Joseph
 11368 | D:10     | Received a gift from Okawaru
 11369 | D:10     | Reached skill level 7 in Fighting
 11488 | D:10     | 11488 ||| Stepping ~*~*~tactically~*~*~ (stealth).
 11492 | D:10     | 11492 ||| INVOKING Heroism.
 11500 | D:10     | Reached skill level 6 in Armour
 11616 | D:10     | 11616 ||| UPGRADING to +0 pair of boots of flying.
 11671 | D:11     | Found a staircase to the Lair.
 11731 | D:11     | Noticed Amaemon
 11732 | D:11     | 11732 ||| INVOKING Heroism.
 11757 | D:11     | Killed Amaemon
 11895 | D:11     | 11895 ||| DROPPING +6 flail of Qyurgh Woefu {flame, rF+
                  | MP+9}.
 11899 | D:11     | 11899 ||| READING scroll of enchant armour.
 11899 | D:11     | 11899 ||| ENCHANTING +0 hat of see invisible.
 11929 | D:11     | Noticed a deep elf pyromancer
 11932 | D:11     | Noticed a cyclops
 11933 | D:11     | 11933 ||| INVOKING Heroism.
 11935 | D:11     | Noticed a six-headed hydra
 11936 | D:11     | 11936 ||| SWAPPING to -1 demon whip of venom.
 11937 | D:11     | 11937 ||| INVOKING Finesse.
 11938 | D:11     | 11938 ||| Stepping ~*~*~tactically~*~*~ (outnumbered).
 11939 | D:11     | 11939 ||| Stepping ~*~*~tactically~*~*~ (outnumbered).
 11940 | D:11     | 11940 ||| Stepping ~*~*~tactically~*~*~ (outnumbered).
 11941 | D:11     | 11941 ||| Stepping ~*~*~tactically~*~*~ (outnumbered).
 11950 | D:11     | Killed a six-headed hydra
 11951 | D:11     | 11951 ||| SWAPPING to +1 war axe.
 11985 | D:11     | 11985 ||| INVOKING Heroism.
 11991 | D:11     | 11991 ||| Stepping ~*~*~tactically~*~*~ (hiding).
 11992 | D:11     | 11992 ||| Stepping ~*~*~tactically~*~*~ (hiding).
 12002 | D:11     | HP: 11/67 [cyclops (14)]
 12003 | D:11     | 12003 ||| DRINKING 2 potions of heal wounds.
 12009 | D:11     | Killed a cyclops
 12019 | D:11     | Killed a deep elf pyromancer
 12020 | D:11     | Reached skill level 9 in Invocations
 12020 | D:11     | 12020 ||| FLEEEEING.
 12021 | D:11     | 12021 ||| FLEEEEING.
 12022 | D:11     | 12022 ||| FLEEEEING.
 12023 | D:11     | 12023 ||| FLEEEEING.
 12024 | D:11     | 12024 ||| FLEEEEING.
 12025 | D:11     | 12025 ||| FLEEEEING.
 12026 | D:11     | 12026 ||| FLEEEEING.
 12027 | D:11     | 12027 ||| FLEEEEING.
 12028 | D:11     | 12028 ||| FLEEEEING.
 12029 | D:11     | 12029 ||| FLEEEEING.
 12030 | D:11     | 12030 ||| FLEEEEING.
 12031 | D:11     | 12031 ||| FLEEEEING.
 12032 | D:11     | 12032 ||| FLEEEEING.
 12033 | D:11     | 12033 ||| FLEEEEING.
 12034 | D:11     | 12034 ||| FLEEEEING.
 12038 | D:11     | 12038 ||| FLEEEEING.
 12039 | D:11     | 12039 ||| FLEEEEING.
 12040 | D:11     | 12040 ||| FLEEEEING.
 12045 | D:11     | 12045 ||| FLEEEEING.
 12046 | D:11     | 12046 ||| FLEEEEING.
 12047 | D:11     | 12047 ||| FLEEEEING.
 12048 | D:11     | 12048 ||| INVOKING Heroism.
 12161 | D:11     | Noticed a two-headed ogre
 12162 | D:11     | 12162 ||| FLEEEEING.
 12163 | D:11     | 12163 ||| INVOKING Heroism.
 12170 | D:11     | Killed a two-headed ogre
 12340 | D:11     | 12340 ||| INVOKING Heroism.
 12341 | D:11     | 12341 ||| Stepping ~*~*~tactically~*~*~ (stealth).
 12673 | D:11     | 12673 ||| DRINKING 6 potions of curing.
 12673 | D:11     | 12673 ||| (to cure confusion)
 12676 | D:11     | 12676 ||| DRINKING 5 potions of curing.
 12676 | D:11     | 12676 ||| (to cure confusion)
 12677 | D:11     | 12677 ||| DRINKING 4 potions of curing.
 12677 | D:11     | 12677 ||| (to cure confusion)
 12759 | D:11     | 12759 ||| SWAPPING to +0 broad axe.
 12760 | D:11     | 12760 ||| DROPPING +1 war axe.
 12760 | D:11     | Noticed a skeletal warrior
 12761 | D:11     | 12761 ||| Stepping ~*~*~tactically~*~*~ (stealth).
 12763 | D:11     | 12763 ||| INVOKING Heroism.
 12783 | D:11     | Killed a skeletal warrior
 12783 | D:11     | Received a gift from Okawaru
 12962 | D:11     | Noticed a wolf spider
 12962 | D:11     | Noticed a war gargoyle
 12963 | D:11     | 12963 ||| INVOKING Heroism.
 12973 | D:11     | HP: 13/67 [war gargoyle/+0 great mace (14)]
 12974 | D:11     | 12974 ||| DRINKING potion of heal wounds.
 12977 | D:11     | Killed a war gargoyle
 12978 | D:11     | Reached XP level 12. HP: 48/72 MP: 19/19
 13113 | D:11     | Reached skill level 8 in Fighting
 13162 | D:11     | Identified the +2 pair of boots "Lidekeeru" {Dex+4}
 13262 | D:11     | Noticed a two-headed ogre
 13277 | D:11     | Killed a two-headed ogre
 13278 | D:11     | Reached skill level 3 in Throwing
 13464 | D:11     | 13464 ||| PLANNING LAIR
 13464 | D:11     | 13464 ||| UPGRADING to +2 plate armour of cold resistance.
 13474 | D:11     | 13474 ||| DROPPING +0 plate armour.
 13475 | D:11     | 13475 ||| READING scroll labelled AMEIFE HUDIR.
 13528 | Lair:1   | Entered Level 1 of the Lair of Beasts
 13753 | Lair:1   | Found a bloodstained altar of Trog.
 13773 | Lair:1   | 13773 ||| Stepping ~*~*~tactically~*~*~ (hiding).
 13794 | Lair:1   | 13794 ||| Stepping ~*~*~tactically~*~*~ (hiding).
 13876 | Lair:1   | 13876 ||| Stepping ~*~*~tactically~*~*~ (stealth).
 13877 | Lair:1   | 13877 ||| INVOKING Heroism.
 14076 | Lair:1   | 14076 ||| Stepping ~*~*~tactically~*~*~ (hiding).
 14079 | Lair:1   | 14079 ||| Stepping ~*~*~tactically~*~*~ (hiding).
 14140 | Lair:1   | 14140 ||| READING scroll of enchant armour.
 14140 | Lair:1   | 14140 ||| ENCHANTING +1 hat of see invisible.
 14471 | Lair:1   | 14471 ||| READING scroll labelled NUGHYS ASMAELL.
 14673 | Lair:2   | 14673 ||| Stepping ~*~*~tactically~*~*~ (hiding).
 14675 | Lair:2   | 14675 ||| Stepping ~*~*~tactically~*~*~ (hiding).
 14679 | Lair:2   | 14679 ||| Stepping ~*~*~tactically~*~*~ (hiding).
 14690 | Lair:2   | Found a staircase to the Snake Pit.
 14831 | Lair:2   | Noticed a catoblepas
 14893 | Lair:2   | 14893 ||| INVOKING Heroism.
 14894 | Lair:2   | 14894 ||| INVOKING Finesse.
 14912 | Lair:2   | Killed a catoblepas
 15281 | Lair:2   | 15281 ||| INVOKING Heroism.
 15707 | Lair:3   | 15707 ||| INVOKING Heroism.
 15708 | Lair:3   | 15708 ||| STAIRDANCE
 15857 | Lair:3   | Noticed a boulder beetle
 15858 | Lair:3   | 15858 ||| INVOKING Heroism.
 15859 | Lair:3   | 15859 ||| INVOKING Finesse.
 15888 | Lair:3   | Killed a boulder beetle
 15889 | Lair:3   | Reached skill level 9 in Fighting
 16151 | Lair:3   | 16151 ||| INVOKING Heroism.
 16220 | Lair:3   | Found a staircase to the Shoals.
 16250 | Lair:3   | 16250 ||| READING scroll of brand weapon.
 16250 | Lair:3   | 16250 ||| BRANDING +0 broad axe.
 16251 | Lair:3   | 16251 ||| DROPPING -1 demon whip of venom.
 16438 | Lair:3   | 16438 ||| DROPPING amulet of magic regeneration.
 16485 | Lair:4   | 16485 ||| STAIRDANCE
 16489 | Lair:4   | 16489 ||| STAIRDANCE
 16529 | Lair:4   | 16529 ||| STAIRDANCE
 16531 | Lair:3   | 16531 ||| INVOKING Heroism.
 16541 | Lair:3   | Received a gift from Okawaru
 16575 | Lair:4   | 16575 ||| INVOKING Heroism.
 16610 | Lair:4   | You are sucked into a shaft and drop 1 floor!
 16610 | Lair:5   | Entered Level 5 of the Lair of Beasts
 16627 | Lair:5   | Reached XP level 13. HP: 80/80 MP: 20/20
 16729 | Lair:4   | 16729 ||| INVOKING Heroism.
 16752 | Lair:4   | Reached skill level 12 in Axes
 16756 | Lair:4   | Received a gift from Okawaru
 16845 | Lair:4   | 16845 ||| INVOKING Heroism.
 16854 | Lair:4   | Received a gift from Okawaru
 16855 | Lair:4   | Reached skill level 9 in Armour
 16958 | Lair:4   | 16958 ||| INVOKING Heroism.
 17095 | Lair:4   | 17095 ||| Stepping ~*~*~tactically~*~*~ (stealth).
 17096 | Lair:4   | 17096 ||| Stepping ~*~*~tactically~*~*~ (stealth).
 17097 | Lair:4   | 17097 ||| Stepping ~*~*~tactically~*~*~ (stealth).
 17098 | Lair:4   | 17098 ||| Stepping ~*~*~tactically~*~*~ (stealth).
 17111 | Lair:4   | 17111 ||| INVOKING Heroism.
 17362 | Lair:4   | 17362 ||| Stepping ~*~*~tactically~*~*~ (stealth).
 17366 | Lair:4   | Reached skill level 10 in Fighting
 17425 | Lair:4   | 17425 ||| INVOKING Heroism.
 17445 | Lair:4   | 17445 ||| Stepping ~*~*~tactically~*~*~ (cloud).
 17627 | Lair:4   | 17627 ||| Stepping ~*~*~tactically~*~*~ (stealth).
 17628 | Lair:4   | 17628 ||| INVOKING Heroism.
 17629 | Lair:4   | 17629 ||| INVOKING Finesse.
 17720 | Lair:4   | Found a staircase to the Slime Pits.
 17720 | Lair:4   | Found a viscous altar of Jiyva.
 18020 | Lair:4   | 18020 ||| READING scroll labelled URUADY BYIJI.
 18116 | Lair:5   | 18116 ||| INVOKING Heroism.
 18159 | Lair:5   | 18159 ||| INVOKING Finesse.
 18164 | Lair:5   | 18164 ||| Stepping ~*~*~tactically~*~*~ (stealth).
 18165 | Lair:5   | 18165 ||| Stepping ~*~*~tactically~*~*~ (stealth).
 18194 | Lair:5   | 18194 ||| Stepping ~*~*~tactically~*~*~ (stealth).
 18195 | Lair:5   | 18195 ||| INVOKING Heroism.
 18206 | Lair:5   | Received a gift from Okawaru
 18242 | Lair:5   | 18242 ||| INVOKING Finesse.
 18322 | Lair:5   | 18322 ||| Stepping ~*~*~tactically~*~*~ (stealth).
 18349 | Lair:5   | 18349 ||| Stepping ~*~*~tactically~*~*~ (stealth).
 18350 | Lair:5   | 18350 ||| INVOKING Heroism.
 18355 | Lair:5   | 18355 ||| Stepping ~*~*~tactically~*~*~ (stealth).
 18371 | Lair:5   | 18371 ||| INVOKING Finesse.
 18436 | Lair:5   | 18436 ||| INVOKING Heroism.
 18486 | Lair:5   | Identified the +8 plate armour "Hyuraa" {rElec Will+}
                  | (Okawaru gifted it to you on level 5 of the Lair of Beasts)
 18486 | Lair:5   | Received a gift from Okawaru
 18500 | Lair:5   | 18500 ||| Stepping ~*~*~tactically~*~*~ (stealth).
 18513 | Lair:5   | 18513 ||| INVOKING Heroism.
 18539 | Lair:5   | 18539 ||| Stepping ~*~*~tactically~*~*~ (hiding).
 18548 | Lair:5   | 18548 ||| Stepping ~*~*~tactically~*~*~ (stealth).
 18562 | Lair:5   | 18562 ||| INVOKING Heroism.
 18640 | Lair:5   | 18640 ||| Stepping ~*~*~tactically~*~*~ (stealth).
 18641 | Lair:5   | 18641 ||| INVOKING Heroism.
 18753 | Lair:5   | 18753 ||| INVOKING Heroism.
 18779 | Lair:5   | Gained mutation: Your large and strong wings let you fly.
                  | [Gargoyle growth]
 18779 | Lair:5   | Reached XP level 14. HP: 88/88 MP: 21/21
 18843 | Lair:5   | 18843 ||| READING scroll of enchant weapon.
 18843 | Lair:5   | 18843 ||| ENCHANTING +0 broad axe of flaming.
 18918 | Lair:5   | 18918 ||| INVOKING Heroism.
 18936 | Lair:5   | 18936 ||| Stepping ~*~*~tactically~*~*~ (stealth).
 18993 | Lair:5   | 18993 ||| Stepping ~*~*~tactically~*~*~ (stealth).
 18994 | Lair:5   | 18994 ||| Stepping ~*~*~tactically~*~*~ (stealth).
 19213 | Lair:5   | 19213 ||| INVOKING Heroism.
 19383 | Lair:5   | 19383 ||| Stepping ~*~*~tactically~*~*~ (stealth).
 19385 | Lair:5   | 19385 ||| Stepping ~*~*~tactically~*~*~ (stealth).
 19396 | Lair:5   | 19396 ||| Stepping ~*~*~tactically~*~*~ (stealth).
 19413 | Lair:5   | 19413 ||| Stepping ~*~*~tactically~*~*~ (stealth).
 19416 | Lair:5   | Noticed a dire elephant
 19417 | Lair:5   | 19417 ||| INVOKING Heroism.
 19418 | Lair:5   | 19418 ||| Stepping ~*~*~tactically~*~*~ (stealth).
 19419 | Lair:5   | 19419 ||| Stepping ~*~*~tactically~*~*~ (stealth).
 19432 | Lair:5   | Killed a dire elephant
 19500 | Lair:5   | Identified the +0 scale mail of the Leaf {rC+}
 19653 | Lair:5   | 19653 ||| PLANNING D
 19653 | Lair:5   | 19653 ||| DROPPING +0 fire dragon scales.
 19654 | Lair:5   | 19654 ||| UPGRADING to +2 pair of boots "Lidekeeru"
                  | {Dex+4}.
 19664 | Lair:5   | 19664 ||| DROPPING +0 pair of boots of flying.
 19665 | Lair:5   | 19665 ||| UPGRADING to +8 plate armour "Hyuraa" {rElec
                  | Will+}.
 19675 | Lair:5   | 19675 ||| DROPPING +2 plate armour of cold resistance.
 19857 | D:12     | 19857 ||| INVOKING Heroism.
 19858 | D:12     | 19858 ||| INVOKING Finesse.
 19910 | D:12     | 19910 ||| INVOKING Heroism.
 19919 | D:12     | 19919 ||| INVOKING Finesse.
 19928 | D:12     | Reached skill level 3 in Dodging
 19964 | D:12     | 19964 ||| Stepping ~*~*~tactically~*~*~ (hiding).
 19965 | D:12     | 19965 ||| Stepping ~*~*~tactically~*~*~ (hiding).
 19968 | D:12     | Noticed Josephine
 19969 | D:12     | 19969 ||| Stepping ~*~*~tactically~*~*~ (hiding).
 19975 | D:12     | 19975 ||| Stepping ~*~*~tactically~*~*~ (stealth).
 19976 | D:12     | 19976 ||| Stepping ~*~*~tactically~*~*~ (stealth).
 19977 | D:12     | 19977 ||| Stepping ~*~*~tactically~*~*~ (stealth).
 19985 | D:12     | Killed Josephine
 20030 | D:12     | 20030 ||| Stepping ~*~*~tactically~*~*~ (hiding).
 20032 | D:12     | 20032 ||| Stepping ~*~*~tactically~*~*~ (hiding).
 20038 | D:12     | 20038 ||| Stepping ~*~*~tactically~*~*~ (stealth).
 20041 | D:12     | 20041 ||| Stepping ~*~*~tactically~*~*~ (stealth).
 20087 | D:12     | 20087 ||| Stepping ~*~*~tactically~*~*~ (hiding).
 20281 | D:12     | Reached skill level 11 in Fighting
 20524 | D:12     | 20524 ||| Stepping ~*~*~tactically~*~*~ (hiding).
 20526 | D:12     | 20526 ||| Stepping ~*~*~tactically~*~*~ (hiding).
 20527 | D:12     | 20527 ||| Stepping ~*~*~tactically~*~*~ (hiding).
 20562 | D:12     | 20562 ||| INVOKING Heroism.
 20636 | D:12     | 20636 ||| INVOKING Heroism.
 20662 | D:12     | 20662 ||| INVOKING Finesse.
 20681 | D:12     | 20681 ||| INVOKING Heroism.
 20900 | D:13     | 20900 ||| PLANNING BAZAAR
 21005 | D:13     | Found a flickering gateway to a bazaar.
 21006 | D:13     | 21006 ||| READING 11 scrolls of identify.
 21006 | D:13     | 21006 ||| IDENTIFYING viscous ruby potion
 21007 | D:13     | 21007 ||| DROPPING potion of ambrosia.
 21028 | Bazaar   | Entered a bazaar
 21031 | Bazaar   | Found Pojiut's Distillery.
 21037 | Bazaar   | 21037 ||| BUYING 2 potions of heal wounds (110 gold).
 21037 | Bazaar   | Bought 2 potions of heal wounds for 110 gold pieces
 21037 | Bazaar   | 21037 ||| BUYING potion of curing (33 gold).
 21037 | Bazaar   | Bought a potion of curing for 33 gold pieces
 21037 | Bazaar   | 21037 ||| BUYING potion of curing (33 gold).
 21037 | Bazaar   | Bought a potion of curing for 33 gold pieces
 21062 | Bazaar   | Found Yfat's Magic Scroll Boutique.
 21062 | Bazaar   | Found Sid Riy's Book Shop.
 21074 | Bazaar   | 21074 ||| BUYING scroll of acquirement (676 gold).
 21074 | Bazaar   | Bought a scroll of acquirement for 676 gold pieces
 21074 | Bazaar   | 21074 ||| BUYING scroll of teleportation (39 gold).
 21074 | Bazaar   | Bought a scroll of teleportation for 39 gold pieces
 21074 | Bazaar   | 21074 ||| READING scroll of acquirement.
 21074 | Bazaar   | 21074 ||| ACQUIRING ring "Refy" {rElec rN+ Will+ rCorr
                  | Str+6}
 21074 | Bazaar   | Acquired the ring "Refy" {rElec rN+ Will+ rCorr Str+6}
 21076 | Bazaar   | 21076 ||| UPGRADING to ring "Refy" {rElec rN+ Will+ rCorr
                  | Str+6}.
 21092 | Bazaar   | Found Juaxtoc's Weapon Boutique.
 21111 | D:13     | 21111 ||| PLANNING D
 21279 | D:13     | Reached skill level 12 in Shields
 21409 | D:13     | 21409 ||| READING scroll of brand weapon.
 21409 | D:13     | 21409 ||| BRANDING +1 broad axe of flaming.
 21434 | D:13     | 21434 ||| INVOKING Heroism.
 21435 | D:13     | 21435 ||| INVOKING Finesse.
 21890 | D:14     | 21890 ||| INVOKING Heroism.
 21924 | D:14     | 21924 ||| Stepping ~*~*~tactically~*~*~ (hiding).
 21925 | D:14     | 21925 ||| Stepping ~*~*~tactically~*~*~ (hiding).
 22073 | D:14     | Found an iron altar of Okawaru.
 22201 | D:14     | Received a gift from Okawaru
 22213 | D:14     | 22213 ||| INVOKING Heroism.
 22290 | D:14     | Reached skill level 15 in Axes
 22291 | D:14     | 22291 ||| INVOKING Heroism.
 22558 | D:14     | Found a gate to the Vaults.
 22558 | D:14     | Noticed an ironbound preserver
 22574 | D:14     | 22574 ||| INVOKING Heroism.
 22581 | D:14     | Killed an ironbound preserver
 22756 | D:14     | Reached XP level 15. HP: 91/94 MP: 22/22
 22969 | D:14     | 22969 ||| INVOKING Heroism.
 22970 | D:14     | 22970 ||| INVOKING Finesse.
 22972 | D:14     | 22972 ||| SWAPPING to +0 mace.
 22981 | D:14     | 22981 ||| SWAPPING to +1 vorpal broad axe.
 23146 | D:14     | 23146 ||| READING 10 scrolls of identify.
 23146 | D:14     | 23146 ||| IDENTIFYING ruby potion
 23147 | D:14     | 23147 ||| DROPPING potion of invisibility.
 23178 | D:15     | Entered Level 15 of the Dungeon
 23197 | D:15     | 23197 ||| Stepping ~*~*~tactically~*~*~ (hiding).
 23209 | D:15     | 23209 ||| FLEEEEING.
 23210 | D:15     | 23210 ||| Stepping ~*~*~tactically~*~*~ (hiding).
 23211 | D:15     | 23211 ||| FLEEEEING.
 23212 | D:15     | 23212 ||| Stepping ~*~*~tactically~*~*~ (hiding).
 23213 | D:15     | 23213 ||| Stepping ~*~*~tactically~*~*~ (hiding).
 23215 | D:15     | 23215 ||| INVOKING Heroism.
 23543 | D:15     | 23543 ||| DROPPING +0 mace.
 23546 | D:15     | Noticed Agnes
 23547 | D:15     | 23547 ||| INVOKING Heroism.
 23548 | D:15     | 23548 ||| INVOKING Finesse.
 23556 | D:15     | Killed Agnes
 23595 | D:15     | Found Jyibeuz's Antique Weapon Emporium.
 23792 | D:15     | Noticed Rupert
 23793 | D:15     | 23793 ||| INVOKING Heroism.
 23794 | D:15     | 23794 ||| INVOKING Finesse.
 23801 | D:15     | Killed Rupert
 23802 | D:15     | Reached skill level 12 in Fighting
 23847 | D:15     | 23847 ||| INVOKING Heroism.
 23856 | D:15     | HP: 19/96 [fire dragon/blast of flame (39)]
 23857 | D:15     | 23857 ||| READING 2 scrolls of teleportation.
 23858 | D:15     | 23858 ||| DRINKING 5 potions of heal wounds.
 23859 | D:15     | 23859 ||| DRINKING 4 potions of heal wounds.
 24121 | D:15     | 24121 ||| INVOKING Heroism.
 24327 | D:15     | Found a staircase to the Depths.
 24348 | D:15     | 24348 ||| PLANNING ORC
 24461 | Orc:1    | Entered Level 1 of the Orcish Mines
 24463 | Orc:1    | 24463 ||| Stepping ~*~*~tactically~*~*~ (stealth).
 24466 | Orc:1    | 24466 ||| Stepping ~*~*~tactically~*~*~ (stealth).
 24468 | Orc:1    | 24468 ||| Stepping ~*~*~tactically~*~*~ (hiding).
 24473 | Orc:1    | 24473 ||| INVOKING Heroism.
 24483 | Orc:1    | 24483 ||| Stepping ~*~*~tactically~*~*~ (stealth).
 24496 | Orc:1    | 24496 ||| Stepping ~*~*~tactically~*~*~ (stealth).
 24499 | Orc:1    | 24499 ||| Stepping ~*~*~tactically~*~*~ (stealth).
 24500 | Orc:1    | 24500 ||| Stepping ~*~*~tactically~*~*~ (stealth).
 24501 | Orc:1    | 24501 ||| Stepping ~*~*~tactically~*~*~ (stealth).
 24504 | Orc:1    | 24504 ||| Stepping ~*~*~tactically~*~*~ (stealth).
 24506 | Orc:1    | 24506 ||| Stepping ~*~*~tactically~*~*~ (hiding).
 24782 | Orc:2    | Entered Level 2 of the Orcish Mines
 24782 | Orc:2    | Found a staircase to the Elven Halls.
 24809 | Orc:2    | 24809 ||| Stepping ~*~*~tactically~*~*~ (stealth).
 24811 | Orc:2    | 24811 ||| Stepping ~*~*~tactically~*~*~ (hiding).
 24812 | Orc:2    | 24812 ||| Stepping ~*~*~tactically~*~*~ (hiding).
 24813 | Orc:2    | 24813 ||| Stepping ~*~*~tactically~*~*~ (hiding).
 24814 | Orc:2    | 24814 ||| Stepping ~*~*~tactically~*~*~ (hiding).
 24815 | Orc:2    | 24815 ||| Stepping ~*~*~tactically~*~*~ (hiding).
 24817 | Orc:2    | 24817 ||| INVOKING Heroism.
 24879 | Orc:2    | Found a bloodstained altar of Trog.
 24915 | Orc:2    | Found Canonaenko's Jewellery Emporium.
 24923 | Orc:2    | 24923 ||| SHOPLISTING amulet of Wouhas {+Inv Regen+ Str+2
                  | Int-3 Dex+9} (912 gold, have 697).
 24923 | Orc:2    | 24923 ||| BUYING ring of fire (375 gold).
 24923 | Orc:2    | Bought a ring of fire for 375 gold pieces
 24923 | Orc:2    | 24923 ||| SHOPLISTING ring of protection from fire (375
                  | gold, have 322).
 25015 | Orc:2    | Found Kyev's Antique Weapon Shoppe.
 25072 | Orc:2    | Found Cyroi's Assorted Antiques.
 25075 | Orc:2    | Found Eluurph Xasepp's Antique Weapon Boutique.
 25082 | Orc:2    | 25082 ||| INVOKING Heroism.
 25097 | Orc:2    | 25097 ||| SHOPLISTING blackened demon whip (680 gold, have
                  | 525).
 25097 | Orc:2    | 25097 ||| BUYING iridescent broad axe (306 gold).
 25097 | Orc:2    | Bought an iridescent broad axe for 306 gold pieces
 25097 | Orc:2    | Identified the +5 broad axe of Woffy {flame, Fly rCorr
                  | Str+6} (You bought it in a shop on level 2 of the Orcish
                  | Mines)
 25097 | Orc:2    | 25097 ||| SWAPPING to +5 broad axe of Woffy {flame, Fly
                  | rCorr Str+6}.
 25098 | Orc:2    | 25098 ||| DROPPING +1 vorpal broad axe.
 25099 | Orc:2    | 25099 ||| DROPPING +0 flail.
 25147 | Orc:2    | 25147 ||| INVOKING Heroism.
 25152 | Orc:2    | 25152 ||| Stepping ~*~*~tactically~*~*~ (hiding).
 25189 | Orc:2    | 25189 ||| Stepping ~*~*~tactically~*~*~ (stealth).
 25193 | Orc:2    | 25193 ||| Stepping ~*~*~tactically~*~*~ (stealth).
 25195 | Orc:2    | 25195 ||| Stepping ~*~*~tactically~*~*~ (stealth).
 25204 | Orc:2    | 25204 ||| Stepping ~*~*~tactically~*~*~ (stealth).
 25274 | Orc:2    | 25274 ||| INVOKING Heroism.
 25276 | Orc:2    | 25276 ||| INVOKING Finesse.
 25330 | Orc:2    | 25330 ||| INVOKING Heroism.
 25352 | Orc:2    | 25352 ||| Stepping ~*~*~tactically~*~*~ (hiding).
 25366 | Orc:2    | 25366 ||| INVOKING Heroism.
 25368 | Orc:2    | 25368 ||| Stepping ~*~*~tactically~*~*~ (hiding).
 25388 | Orc:2    | Noticed an orc warlord
 25389 | Orc:2    | 25389 ||| Stepping ~*~*~tactically~*~*~ (stealth).
 25395 | Orc:2    | 25395 ||| Stepping ~*~*~tactically~*~*~ (stealth).
 25403 | Orc:2    | 25403 ||| INVOKING Heroism.
 25409 | Orc:2    | Killed an orc warlord
 25586 | Orc:2    | Found Qunwyr's Armour Shop.
 25592 | Orc:2    | 25592 ||| SHOPLISTING +1 cloak of the Other Side {Harm
                  | *Slow rC+ Dex+3} (338 gold, have 275).
 25605 | Orc:2    | 25605 ||| INVOKING Heroism.
 25606 | Orc:2    | Found Woycwyef's General Store.
 25667 | Orc:2    | Found Rolyogi's Book Shoppe.
 25698 | Orc:2    | 25698 ||| Stepping ~*~*~tactically~*~*~ (stealth).
 25700 | Orc:2    | 25700 ||| INVOKING Heroism.
 25915 | Orc:2    | Found Weycyrch's Distillery.
 25923 | Orc:2    | 25923 ||| SHOPLISTING potion of experience (500 gold, have
                  | 275).
 25923 | Orc:2    | 25923 ||| BUYING potion of haste (100 gold).
 25923 | Orc:2    | Bought a potion of haste for 100 gold pieces
 25923 | Orc:2    | 25923 ||| BUYING potion of heal wounds (50 gold).
 25923 | Orc:2    | Bought a potion of heal wounds for 50 gold pieces
 25923 | Orc:2    | 25923 ||| BUYING potion of might (40 gold).
 25923 | Orc:2    | Bought a potion of might for 40 gold pieces
 25923 | Orc:2    | 25923 ||| BUYING potion of mutation (80 gold).
 25923 | Orc:2    | Bought a potion of mutation for 80 gold pieces
 26178 | Orc:2    | Found Oregiang's Jewellery Shoppe.
 26179 | Orc:2    | 26179 ||| INVOKING Heroism.
 26258 | Orc:2    | 26258 ||| SHOPLISTING ring of protection from fire (300
                  | gold, have 36).
 26437 | Orc:1    | 26437 ||| PLANNING SNAKE:1-3
 26529 | Snake:1  | Entered Level 1 of the Snake Pit
 26644 | Snake:1  | 26644 ||| Stepping ~*~*~tactically~*~*~ (hiding).
 26698 | Snake:1  | Found Xureq's Book Shoppe.
 26709 | Snake:1  | 26709 ||| Stepping ~*~*~tactically~*~*~ (hiding).
 26746 | Snake:1  | Found Givis's General Store.
 26753 | Snake:1  | 26753 ||| BUYING 2 potions of haste (240 gold).
 26753 | Snake:1  | Bought 2 potions of haste for 240 gold pieces
 26753 | Snake:1  | 26753 ||| SHOPLISTING potion of cancellation (96 gold, have
                  | 61).
 26906 | Snake:1  | Noticed Asterion
 26907 | Snake:1  | 26907 ||| Stepping ~*~*~tactically~*~*~ (hiding).
 26912 | Snake:1  | 26912 ||| INVOKING Heroism.
 26913 | Snake:1  | 26913 ||| INVOKING Finesse.
 26928 | Snake:1  | Killed Asterion
 26928 | Snake:1  | Received a gift from Okawaru
 26970 | Snake:1  | 26970 ||| Stepping ~*~*~tactically~*~*~ (stealth).
 27052 | Snake:1  | 27052 ||| Stepping ~*~*~tactically~*~*~ (hiding).
 27053 | Snake:1  | 27053 ||| Stepping ~*~*~tactically~*~*~ (hiding).
 27125 | Snake:1  | 27125 ||| Stepping ~*~*~tactically~*~*~ (hiding).
 27158 | Snake:1  | 27158 ||| Stepping ~*~*~tactically~*~*~ (hiding).
 27544 | Snake:1  | 27544 ||| INVOKING Heroism.
 27625 | Snake:1  | 27625 ||| Stepping ~*~*~tactically~*~*~ (hiding).
 27628 | Snake:1  | 27628 ||| INVOKING Heroism.
 27653 | Snake:1  | 27653 ||| READING 10 scrolls of identify.
 27653 | Snake:1  | 27653 ||| IDENTIFYING red potion
 27700 | Snake:2  | 27700 ||| INVOKING Heroism.
 27712 | Snake:2  | Reached XP level 16. HP: 77/101 MP: 21/23
 27871 | Snake:2  | 27871 ||| INVOKING Heroism.
 27877 | Snake:2  | Received a gift from Okawaru
 27884 | Snake:2  | Noticed a nagaraja
 27889 | Snake:2  | Killed a nagaraja
 27911 | Snake:2  | Noticed a nagaraja
 27919 | Snake:2  | Killed a nagaraja
 27927 | Snake:2  | 27927 ||| INVOKING Heroism.
 27990 | Snake:2  | 27990 ||| INVOKING Heroism.
 28140 | Snake:2  | 28140 ||| DROPPING +2 broad axe of flaming.
 28182 | Snake:2  | Found Dymypy's Weapon Shoppe.
 28211 | Snake:2  | You are sucked into a shaft and drop 1 floor!
 28292 | Snake:3  | Noticed a nagaraja
 28293 | Snake:3  | 28293 ||| INVOKING Heroism.
 28303 | Snake:3  | Killed a nagaraja
 28307 | Snake:3  | Reached skill level 13 in Fighting
 28311 | Snake:3  | 28311 ||| Stepping ~*~*~tactically~*~*~ (hiding).
 28313 | Snake:3  | 28313 ||| Stepping ~*~*~tactically~*~*~ (hiding).
 28403 | Snake:3  | 28403 ||| INVOKING Heroism.
 28406 | Snake:3  | Received a gift from Okawaru
 28472 | Snake:3  | 28472 ||| UPGRADING to +0 tower shield.
 28482 | Snake:3  | 28482 ||| DROPPING +0 kite shield.
 28483 | Snake:3  | 28483 ||| DROPPING +2 pair of gloves.
 28484 | Snake:3  | 28484 ||| DROPPING ring of willpower.
 28691 | Snake:2  | 28691 ||| INVOKING Heroism.
 28831 | Snake:2  | 28831 ||| Stepping ~*~*~tactically~*~*~ (stealth).
 28833 | Snake:2  | 28833 ||| Stepping ~*~*~tactically~*~*~ (hiding).
 28836 | Snake:2  | 28836 ||| Stepping ~*~*~tactically~*~*~ (hiding).
 28980 | Snake:2  | 28980 ||| Stepping ~*~*~tactically~*~*~ (stealth).
 28981 | Snake:2  | 28981 ||| Stepping ~*~*~tactically~*~*~ (stealth).
 29245 | Snake:3  | 29245 ||| INVOKING Heroism.
 29257 | Snake:3  | HP: 16/104 [salamander (14)]
 29258 | Snake:3  | 29258 ||| READING 2 scrolls of teleportation.
 29259 | Snake:3  | 29259 ||| DRINKING 4 potions of heal wounds.
 29658 | Snake:3  | 29658 ||| Stepping ~*~*~tactically~*~*~ (hiding).
 29664 | Snake:3  | 29664 ||| Stepping ~*~*~tactically~*~*~ (hiding).
 29687 | Snake:3  | 29687 ||| Stepping ~*~*~tactically~*~*~ (stealth).
 29767 | Snake:3  | 29767 ||| INVOKING Heroism.
 29769 | Snake:3  | Noticed a nagaraja
 29779 | Snake:3  | Noticed a nagaraja
 29788 | Snake:3  | HP: 13/104 [nagaraja/+0 spear (20)]
 29789 | Snake:3  | 29789 ||| READING scroll of teleportation.
 29790 | Snake:3  | 29790 ||| DRINKING 3 potions of heal wounds.
 29792 | Snake:3  | 29792 ||| DRINKING 2 potions of heal wounds.
 29793 | Snake:3  | 29793 ||| DRINKING potion of heal wounds.
 30135 | Snake:3  | 30135 ||| INVOKING Heroism.
 30202 | Snake:3  | 30202 ||| INVOKING Heroism.
 30212 | Snake:3  | Reached skill level 15 in Shields
 30247 | Snake:3  | 30247 ||| UPGRADING to +1 tower shield of cold resistance.
 30257 | Snake:3  | 30257 ||| DROPPING +0 tower shield.
 30258 | Snake:3  | 30258 ||| DROPPING amulet of the acrobat.
 30271 | Snake:4  | Entered Level 4 of the Snake Pit
 30274 | Snake:4  | 30274 ||| INVOKING Heroism.
 30279 | Snake:4  | Reached XP level 17. HP: 108/108 MP: 21/24
 30291 | Snake:4  | Identified the +0 pair of boots of Repulsion {-Tele rPois
                  | Int+8 Dex-5} (Okawaru gifted it to you on level 4 of the
                  | Snake Pit)
 30291 | Snake:4  | Received a gift from Okawaru
 30297 | Snake:4  | 30297 ||| INVOKING Heroism.
 30502 | Snake:4  | 30502 ||| INVOKING Heroism.
 30591 | Snake:4  | 30591 ||| Stepping ~*~*~tactically~*~*~ (hiding).
 30595 | Snake:4  | 30595 ||| Stepping ~*~*~tactically~*~*~ (hiding).
 30597 | Snake:4  | 30597 ||| Stepping ~*~*~tactically~*~*~ (hiding).
 30606 | Snake:4  | 30606 ||| INVOKING Heroism.
 30667 | Snake:4  | 30667 ||| INVOKING Heroism.
 30777 | Snake:4  | 30777 ||| Stepping ~*~*~tactically~*~*~ (hiding).
 30779 | Snake:4  | 30779 ||| Stepping ~*~*~tactically~*~*~ (hiding).
 30784 | Snake:4  | 30784 ||| INVOKING Heroism.
 30790 | Snake:4  | 30790 ||| Stepping ~*~*~tactically~*~*~ (hiding).
 30800 | Snake:4  | 30800 ||| Stepping ~*~*~tactically~*~*~ (hiding).
 30959 | Snake:4  | 30959 ||| Stepping ~*~*~tactically~*~*~ (hiding).
 30960 | Snake:4  | 30960 ||| Stepping ~*~*~tactically~*~*~ (hiding).
 30962 | Snake:4  | 30962 ||| INVOKING Heroism.
 31087 | Snake:4  | 31087 ||| Stepping ~*~*~tactically~*~*~ (hiding).
 31100 | Snake:4  | 31100 ||| INVOKING Heroism.
 31225 | Snake:4  | 31225 ||| Stepping ~*~*~tactically~*~*~ (hiding).
 31226 | Snake:4  | 31226 ||| Stepping ~*~*~tactically~*~*~ (hiding).
 31231 | Snake:4  | 31231 ||| INVOKING Heroism.
 31241 | Snake:4  | 31241 ||| Stepping ~*~*~tactically~*~*~ (hiding).
 31247 | Snake:4  | Noticed a quicksilver dragon
 31252 | Snake:4  | Noticed a quicksilver dragon
 31257 | Snake:4  | Killed a quicksilver dragon
 31270 | Snake:4  | Killed a quicksilver dragon
 31273 | Snake:4  | 31273 ||| Stepping ~*~*~tactically~*~*~ (hiding).
 31291 | Snake:4  | Reached skill level 6 in Throwing
 31292 | Snake:4  | 31292 ||| INVOKING Heroism.
 31470 | Snake:4  | Got a serpentine rune of Zot
 31578 | Snake:4  | 31578 ||| INVOKING Heroism.
 31673 | Snake:4  | 31673 ||| INVOKING Heroism.
 32065 | Snake:4  | 32065 ||| DROPPING +0 pair of boots of Repulsion {-Tele
                  | rPois Int+8 Dex-5}.
 32127 | Snake:3  | 32127 ||| INVOKING Heroism.
 32132 | Snake:3  | Received a gift from Okawaru
 32169 | Snake:3  | Reached skill level 18 in Axes
 32442 | Snake:3  | 32442 ||| Stepping ~*~*~tactically~*~*~ (hiding).
 32507 | Snake:3  | 32507 ||| Stepping ~*~*~tactically~*~*~ (stealth).
 32533 | Snake:3  | 32533 ||| PLANNING SHOALS:1-3
 32548 | Snake:3  | 32548 ||| Stepping ~*~*~tactically~*~*~ (stealth).
 32685 | Shoals:1 | Entered Level 1 of the Shoals
 32695 | Shoals:1 | 32695 ||| Stepping ~*~*~tactically~*~*~ (hiding).
 32696 | Shoals:1 | 32696 ||| INVOKING Heroism.
 32697 | Shoals:1 | Noticed Donald
 32698 | Shoals:1 | 32698 ||| INVOKING Finesse.
 32713 | Shoals:1 | Killed Donald
 32745 | Shoals:1 | 32745 ||| SWAPPING to +0 vampiric broad axe.
 32776 | Shoals:1 | 32776 ||| INVOKING Heroism.
 32777 | Shoals:1 | 32777 ||| INVOKING Finesse.
 32841 | Shoals:1 | 32841 ||| INVOKING Heroism.
 32843 | Shoals:1 | 32843 ||| INVOKING Finesse.
 32843 | Shoals:1 | Noticed Jorgrun
 32872 | Shoals:1 | Killed Jorgrun
 32872 | Shoals:1 | Received a gift from Okawaru
 32920 | Shoals:1 | 32920 ||| INVOKING Heroism.
 32922 | Shoals:1 | Reached XP level 18. HP: 114/114 MP: 22/25
 32927 | Shoals:1 | 32927 ||| DROPPING +5 broad axe of Woffy {flame, Fly rCorr
                  | Str+6}.
 32956 | Shoals:1 | 32956 ||| INVOKING Heroism.
 33025 | Shoals:1 | 33025 ||| INVOKING Heroism.
 33027 | Shoals:1 | 33027 ||| INVOKING Finesse.
 33236 | Shoals:1 | Reached skill level 12 in Armour
 33282 | Shoals:1 | 33282 ||| INVOKING Heroism.
 33347 | Shoals:1 | 33347 ||| INVOKING Heroism.
 33767 | Shoals:2 | 33767 ||| INVOKING Heroism.
 33772 | Shoals:2 | 33772 ||| Stepping ~*~*~tactically~*~*~ (hiding).
 34003 | Shoals:2 | 34003 ||| INVOKING Heroism.
 34099 | Shoals:2 | Reached skill level 14 in Fighting
 34120 | Shoals:2 | Received a gift from Okawaru
 34179 | Shoals:2 | Identified the ring of Propriety {+Blink rC++ Dex-2 Slay+4}
 34392 | Shoals:2 | 34392 ||| INVOKING Heroism.
 34419 | Shoals:2 | 34419 ||| Stepping ~*~*~tactically~*~*~ (hiding).
 34421 | Shoals:2 | 34421 ||| Stepping ~*~*~tactically~*~*~ (stealth).
 34428 | Shoals:2 | Reached skill level 18 in Shields
 34432 | Shoals:2 | 34432 ||| INVOKING Heroism.
 34504 | Shoals:2 | 34504 ||| DROPPING +0 hat of intelligence.
 34505 | Shoals:2 | 34505 ||| UPGRADING to ring of Propriety {+Blink rC++ Dex-2
                  | Slay+4}.
 34677 | Shoals:3 | 34677 ||| INVOKING Heroism.
 34687 | Shoals:3 | 34687 ||| INVOKING Finesse.
 34756 | Shoals:3 | 34756 ||| Stepping ~*~*~tactically~*~*~ (hiding).
 34757 | Shoals:3 | 34757 ||| Stepping ~*~*~tactically~*~*~ (hiding).
 34793 | Shoals:3 | 34793 ||| INVOKING Heroism.
 34833 | Shoals:3 | 34833 ||| INVOKING Heroism.
 35050 | Shoals:3 | Found Exiant's Antique Armour Emporium.
 35362 | Shoals:3 | 35362 ||| PLANNING VAULTS:1-4
 35561 | Vaults:1 | Entered Level 1 of the Vaults
 35578 | Vaults:1 | Identified the +0 pair of boots of Whack-A-Mole {rElec rN+
                  | Str+3} (Okawaru gifted it to you on level 1 of the Vaults)
 35578 | Vaults:1 | Received a gift from Okawaru
 35594 | Vaults:1 | Noticed Nikola
 35595 | Vaults:1 | 35595 ||| INVOKING Heroism.
 35596 | Vaults:1 | 35596 ||| INVOKING Finesse.
 35620 | Vaults:1 | Killed Nikola
 35685 | Vaults:1 | Reached ****** piety under Okawaru
 35698 | Vaults:1 | 35698 ||| INVOKING Finesse.
 35699 | Vaults:1 | 35699 ||| INVOKING Heroism.
 35702 | Vaults:1 | Reached skill level 15 in Fighting
 35782 | Vaults:1 | Reached XP level 19. HP: 124/124 MP: 26/26
 35927 | Vaults:1 | 35927 ||| Stepping ~*~*~tactically~*~*~ (hiding).
 35990 | Vaults:1 | 35990 ||| Stepping ~*~*~tactically~*~*~ (hiding).
 35991 | Vaults:1 | 35991 ||| Stepping ~*~*~tactically~*~*~ (hiding).
 36324 | Vaults:1 | 36324 ||| Stepping ~*~*~tactically~*~*~ (hiding).
 36325 | Vaults:1 | 36325 ||| Stepping ~*~*~tactically~*~*~ (hiding).
 36457 | Vaults:1 | Identified the +5 war axe of Fear {pain, rPois} (Okawaru
                  | gifted it to you on level 1 of the Vaults)
 36457 | Vaults:1 | Received a gift from Okawaru
 36470 | Vaults:1 | 36470 ||| Stepping ~*~*~tactically~*~*~ (stealth).
 36471 | Vaults:1 | 36471 ||| Stepping ~*~*~tactically~*~*~ (stealth).
 36484 | Vaults:1 | 36484 ||| Stepping ~*~*~tactically~*~*~ (hiding).
 36487 | Vaults:1 | 36487 ||| Stepping ~*~*~tactically~*~*~ (hiding).
 36491 | Vaults:1 | 36491 ||| INVOKING Heroism.
 36585 | Vaults:1 | 36585 ||| INVOKING Heroism.
 36938 | Vaults:1 | 36938 ||| Stepping ~*~*~tactically~*~*~ (stealth).
 36942 | Vaults:1 | 36942 ||| Stepping ~*~*~tactically~*~*~ (hiding).
 36944 | Vaults:1 | 36944 ||| Stepping ~*~*~tactically~*~*~ (hiding).
 37037 | Vaults:1 | 37037 ||| Stepping ~*~*~tactically~*~*~ (hiding).
 37052 | Vaults:1 | Reached skill level 9 in Throwing
 37222 | Vaults:1 | 37222 ||| DROPPING +1 helmet.
 37223 | Vaults:1 | 37223 ||| UPGRADING to +1 cloak of willpower.
 37233 | Vaults:1 | 37233 ||| DROPPING scarf of repulsion.
 37234 | Vaults:1 | 37234 ||| DROPPING +0 pair of boots of Whack-A-Mole {rElec
                  | rN+ Str+3}.
 37235 | Vaults:1 | 37235 ||| READING scroll of enchant armour.
 37235 | Vaults:1 | 37235 ||| ENCHANTING +1 cloak of willpower.
 37236 | Vaults:1 | 37236 ||| DROPPING +2 cloak.
 37301 | Vaults:2 | 37301 ||| INVOKING Heroism.
 37396 | Vaults:2 | 37396 ||| Stepping ~*~*~tactically~*~*~ (hiding).
 37400 | Vaults:2 | 37400 ||| INVOKING Heroism.
 37485 | Vaults:2 | 37485 ||| Stepping ~*~*~tactically~*~*~ (stealth).
 37492 | Vaults:2 | 37492 ||| Stepping ~*~*~tactically~*~*~ (stealth).
 37542 | Vaults:2 | 37542 ||| FLEEEEING.
 37544 | Vaults:2 | 37544 ||| FLEEEEING.
 37545 | Vaults:2 | 37545 ||| FLEEEEING.
 37546 | Vaults:2 | 37546 ||| FLEEEEING.
 37547 | Vaults:2 | 37547 ||| FLEEEEING.
 37548 | Vaults:2 | 37548 ||| FLEEEEING.
 37549 | Vaults:2 | 37549 ||| FLEEEEING.
 37550 | Vaults:2 | 37550 ||| FLEEEEING.
 37551 | Vaults:2 | 37551 ||| FLEEEEING.
 37697 | Vaults:2 | 37697 ||| Stepping ~*~*~tactically~*~*~ (hiding).
 37705 | Vaults:2 | Identified the +8 chain mail "Taessema" {rPois Int+2
                  | Stlth-} (Okawaru gifted it to you on level 2 of the Vaults)
 37705 | Vaults:2 | Received a gift from Okawaru
 37838 | Vaults:2 | Reached skill level 16 in Fighting
 37866 | Vaults:2 | 37866 ||| Stepping ~*~*~tactically~*~*~ (hiding).
 37868 | Vaults:2 | 37868 ||| Stepping ~*~*~tactically~*~*~ (hiding).
 37872 | Vaults:2 | 37872 ||| INVOKING Heroism.
 37873 | Vaults:2 | 37873 ||| Stepping ~*~*~tactically~*~*~ (hiding).
 37974 | Vaults:2 | 37974 ||| INVOKING Heroism.
 38000 | Vaults:2 | 38000 ||| Stepping ~*~*~tactically~*~*~ (hiding).
 38117 | Vaults:2 | 38117 ||| INVOKING Heroism.
 38195 | Vaults:2 | 38195 ||| Stepping ~*~*~tactically~*~*~ (hiding).
 38207 | Vaults:2 | 38207 ||| Stepping ~*~*~tactically~*~*~ (hiding).
 38211 | Vaults:2 | 38211 ||| Stepping ~*~*~tactically~*~*~ (hiding).
 38245 | Vaults:2 | 38245 ||| Stepping ~*~*~tactically~*~*~ (hiding).
 38248 | Vaults:2 | 38248 ||| INVOKING Heroism.
 38299 | Vaults:2 | 38299 ||| INVOKING Heroism.
 38307 | Vaults:2 | Reached skill level 15 in Armour
 38505 | Vaults:2 | Found a staircase to the Crypt.
 38505 | Vaults:2 | Found an ancient bone altar of Kikubaaqudgha.
 38505 | Vaults:2 | Found a basalt altar of Yredelemnul.
 38551 | Vaults:2 | 38551 ||| INVOKING Heroism.
 38600 | Vaults:2 | Found a transporter.
 38619 | Vaults:2 | Found a transporter.
 38685 | Vaults:2 | 38685 ||| Stepping ~*~*~tactically~*~*~ (stealth).
 38687 | Vaults:2 | 38687 ||| Stepping ~*~*~tactically~*~*~ (stealth).
 38694 | Vaults:2 | 38694 ||| Stepping ~*~*~tactically~*~*~ (stealth).
 38697 | Vaults:2 | 38697 ||| INVOKING Heroism.
 38710 | Vaults:2 | Reached skill level 6 in Dodging
 38794 | Vaults:2 | 38794 ||| Stepping ~*~*~tactically~*~*~ (hiding).
 38897 | Vaults:3 | 38897 ||| INVOKING Heroism.
 38913 | Vaults:3 | Reached XP level 20. HP: 123/132 MP: 27/27
 38972 | Vaults:3 | 38972 ||| Stepping ~*~*~tactically~*~*~ (hiding).
 38973 | Vaults:3 | 38973 ||| Stepping ~*~*~tactically~*~*~ (hiding).
 39029 | Vaults:3 | 39029 ||| INVOKING Heroism.
 39045 | Vaults:3 | Noticed Bai Suzhen
 39072 | Vaults:3 | Killed Bai Suzhen
 39073 | Vaults:3 | Reached skill level 17 in Fighting
 39076 | Vaults:3 | 39076 ||| INVOKING Heroism.
 39085 | Vaults:3 | Identified the +0 pair of boots of Prudence {*Corrode rPois
                  | Regen+} (Okawaru gifted it to you on level 3 of the Vaults)
 39085 | Vaults:3 | Received a gift from Okawaru
 39149 | Vaults:3 | 39149 ||| INVOKING Heroism.
 39179 | Vaults:3 | 39179 ||| Stepping ~*~*~tactically~*~*~ (stealth).
 39183 | Vaults:3 | 39183 ||| INVOKING Heroism.
 39219 | Vaults:3 | 39219 ||| Stepping ~*~*~tactically~*~*~ (stealth).
 39226 | Vaults:3 | 39226 ||| Stepping ~*~*~tactically~*~*~ (stealth).
 39227 | Vaults:3 | 39227 ||| Stepping ~*~*~tactically~*~*~ (stealth).
 39372 | Vaults:3 | Identified the +7 flail "Oppoetut" {drain, rN+ Stlth+}
 39373 | Vaults:3 | 39373 ||| INVOKING Heroism.
 39447 | Vaults:3 | 39447 ||| Stepping ~*~*~tactically~*~*~ (stealth).
 39449 | Vaults:3 | 39449 ||| Stepping ~*~*~tactically~*~*~ (stealth).
 39463 | Vaults:3 | You are sucked into a shaft and drop 1 floor!
 39467 | Vaults:4 | 39467 ||| INVOKING Heroism.
 39563 | Vaults:4 | 39563 ||| Stepping ~*~*~tactically~*~*~ (stealth).
 39564 | Vaults:4 | 39564 ||| Stepping ~*~*~tactically~*~*~ (stealth).
 39566 | Vaults:4 | 39566 ||| Stepping ~*~*~tactically~*~*~ (stealth).
 39567 | Vaults:4 | 39567 ||| INVOKING Heroism.
 39671 | Vaults:4 | 39671 ||| INVOKING Heroism.
 39737 | Vaults:4 | 39737 ||| INVOKING Heroism.
 39960 | Vaults:4 | 39960 ||| INVOKING Heroism.
 40190 | Vaults:4 | 40190 ||| INVOKING Heroism.
 40221 | Vaults:4 | 40221 ||| Stepping ~*~*~tactically~*~*~ (hiding).
 40295 | Vaults:4 | 40295 ||| DROPPING +0 pair of boots of Prudence {*Corrode
                  | rPois Regen+}.
 40301 | Vaults:4 | 40301 ||| Stepping ~*~*~tactically~*~*~ (stealth).
 40305 | Vaults:4 | 40305 ||| Stepping ~*~*~tactically~*~*~ (stealth).
 40360 | Vaults:3 | Found Rohiaw's Book Boutique.
 40436 | Vaults:3 | 40436 ||| Stepping ~*~*~tactically~*~*~ (stealth).
 40438 | Vaults:3 | 40438 ||| INVOKING Heroism.
 40442 | Vaults:3 | 40442 ||| Stepping ~*~*~tactically~*~*~ (stealth).
 40469 | Vaults:3 | Received a gift from Okawaru
 40481 | Vaults:3 | Reached skill level 18 in Fighting
 40752 | Vaults:3 | Identified the +4 scale mail of the Kettle-Drum {Rampage
                  | Int+6}
 40791 | Vaults:3 | 40791 ||| Stepping ~*~*~tactically~*~*~ (hiding).
 40866 | Vaults:3 | 40866 ||| Stepping ~*~*~tactically~*~*~ (stealth).
 40869 | Vaults:3 | 40869 ||| Stepping ~*~*~tactically~*~*~ (stealth).
 40873 | Vaults:3 | 40873 ||| Stepping ~*~*~tactically~*~*~ (stealth).
 40975 | Vaults:3 | 40975 ||| INVOKING Heroism.
 41123 | Vaults:3 | 41123 ||| INVOKING Heroism.
 41353 | Vaults:4 | 41353 ||| Stepping ~*~*~tactically~*~*~ (stealth).
 41355 | Vaults:4 | 41355 ||| Stepping ~*~*~tactically~*~*~ (hiding).
 41447 | Vaults:4 | 41447 ||| Stepping ~*~*~tactically~*~*~ (stealth).
 41452 | Vaults:4 | 41452 ||| Stepping ~*~*~tactically~*~*~ (stealth).
 41543 | Vaults:4 | 41543 ||| Stepping ~*~*~tactically~*~*~ (hiding).
 41548 | Vaults:4 | 41548 ||| INVOKING Heroism.
 41551 | Vaults:4 | Reached XP level 21. HP: 136/141 MP: 25/28
 41620 | Vaults:4 | 41620 ||| INVOKING Heroism.
 41733 | Vaults:4 | 41733 ||| Stepping ~*~*~tactically~*~*~ (stealth).
 41841 | Vaults:4 | Found Erhebraf's Assorted Antiques.
 41849 | Vaults:4 | 41849 ||| BUYING potion of heal wounds (185 gold).
 41849 | Vaults:4 | Bought a potion of heal wounds for 185 gold pieces
 41849 | Vaults:4 | 41849 ||| BUYING scroll of brand weapon (351 gold).
 41849 | Vaults:4 | Bought a scroll of brand weapon for 351 gold pieces
 41938 | Vaults:4 | 41938 ||| Stepping ~*~*~tactically~*~*~ (stealth).
 41944 | Vaults:4 | Received a gift from Okawaru
 41978 | Vaults:4 | 41978 ||| Stepping ~*~*~tactically~*~*~ (stealth).
 42132 | Vaults:4 | 42132 ||| PLANNING SHOALS:4
 42451 | Shoals:4 | Entered Level 4 of the Shoals
 42462 | Shoals:4 | 42462 ||| INVOKING Heroism.
 42646 | Shoals:4 | 42646 ||| Stepping ~*~*~tactically~*~*~ (hiding).
 42861 | Shoals:4 | 42861 ||| INVOKING Heroism.
 42886 | Shoals:4 | 42886 ||| Stepping ~*~*~tactically~*~*~ (hiding).
 42887 | Shoals:4 | 42887 ||| Stepping ~*~*~tactically~*~*~ (hiding).
 43005 | Shoals:4 | 43005 ||| INVOKING Heroism.
 43054 | Shoals:4 | Found a frozen archway.
 43190 | Shoals:4 | 43190 ||| INVOKING Heroism.
 43191 | Shoals:4 | 43191 ||| INVOKING Finesse.
 43212 | Shoals:4 | Received a gift from Okawaru
 43258 | Shoals:4 | Got a barnacled rune of Zot
 43272 | Shoals:4 | 43272 ||| INVOKING Heroism.
 43294 | Shoals:4 | Received a gift from Okawaru
 43475 | Shoals:4 | 43475 ||| READING 20 scrolls of identify.
 43475 | Shoals:4 | 43475 ||| IDENTIFYING golden potion
 43476 | Shoals:4 | 43476 ||| DROPPING potion of berserk rage.
 43526 | Shoals:3 | 43526 ||| PLANNING DEPTHS
 43748 | Depths:1 | Entered Level 1 of the Depths
 43818 | Depths:1 | 43818 ||| INVOKING Heroism.
 43852 | Depths:1 | Found a gateway to Hell.
 43881 | Depths:1 | Found Jatec's Antique Weapon Boutique.
 43904 | Depths:1 | 43904 ||| Stepping ~*~*~tactically~*~*~ (hiding).
 43925 | Depths:1 | 43925 ||| INVOKING Heroism.
 43926 | Depths:1 | 43926 ||| INVOKING Finesse.
 43934 | Depths:1 | Reached skill level 19 in Fighting
 44006 | Depths:1 | Found Coega's Antique Weapon Emporium.
 44006 | Depths:1 | Found Solier's Armour Shoppe.
 44007 | Depths:1 | Found Ighaody's Magic Scroll Emporium.
 44009 | Depths:1 | Found Fiegrau's Assorted Antiques.
 44011 | Depths:1 | 44011 ||| BUYING 2 scrolls of enchant armour (165 gold).
 44011 | Depths:1 | Bought 2 scrolls of enchant armour for 165 gold pieces
 44011 | Depths:1 | 44011 ||| BUYING scroll of enchant armour (82 gold).
 44011 | Depths:1 | Bought a scroll of enchant armour for 82 gold pieces
 44017 | Depths:1 | 44017 ||| BUYING glowing cloak (330 gold).
 44017 | Depths:1 | Bought a glowing cloak for 330 gold pieces
 44148 | Depths:1 | Noticed Aizul
 44170 | Depths:1 | Killed Aizul
 44268 | Depths:1 | Received a gift from Okawaru
 44271 | Depths:1 | Found a transporter.
 44273 | Depths:1 | Found a transporter.
 44338 | Depths:1 | Found a transporter.
 44446 | Depths:1 | Found a transporter.
 44746 | Depths:1 | 44746 ||| DROPPING +1 cloak of preservation.
 44783 | Depths:2 | 44783 ||| INVOKING Heroism.
 44784 | Depths:2 | 44784 ||| INVOKING Finesse.
 44792 | Depths:2 | 44792 ||| Stepping ~*~*~tactically~*~*~ (hiding).
 45031 | Depths:2 | 45031 ||| INVOKING Heroism.
 45032 | Depths:2 | 45032 ||| INVOKING Finesse.
 45085 | Depths:2 | 45085 ||| READING scroll of enchant weapon.
 45085 | Depths:2 | 45085 ||| ENCHANTING +0 vampiric broad axe.
 45134 | Depths:2 | Reached skill level 18 in Armour
 45208 | Depths:2 | Found a transporter.
 45211 | Depths:2 | Noticed qw's ghost (adept MiBe)
 45215 | Depths:2 | Identified the +8 giant spiked club of Uplucots {freeze,
                  | rCorr}
 45269 | Depths:2 | 45269 ||| Stepping ~*~*~tactically~*~*~ (stealth).
 45301 | Depths:2 | 45301 ||| INVOKING Heroism.
 45539 | Depths:2 | Received a gift from Okawaru
 45558 | Depths:2 | Found a one-way gate leading to the halls of Pandemonium.
 45641 | Depths:2 | 45641 ||| INVOKING Heroism.
 45642 | Depths:2 | 45642 ||| INVOKING Finesse.
 45720 | Depths:2 | Found the +1 cloak of Starlight {*Dazzle EV+4 Stlth--}
 45721 | Depths:2 | 45721 ||| INVOKING Heroism.
 45722 | Depths:2 | 45722 ||| INVOKING Finesse.
 45751 | Depths:2 | Received a gift from Okawaru
 45781 | Depths:2 | Identified the ring of Qetal {rC+ Str+3 Int+6 Dex+4}
 45949 | Depths:2 | 45949 ||| Stepping ~*~*~tactically~*~*~ (hiding).
 45950 | Depths:2 | 45950 ||| INVOKING Heroism.
 45951 | Depths:2 | 45951 ||| INVOKING Finesse.
 46022 | Depths:2 | 46022 ||| INVOKING Heroism.
 46023 | Depths:2 | 46023 ||| INVOKING Finesse.
 46088 | Depths:2 | 46088 ||| UPGRADING to +1 cloak of Starlight {*Dazzle EV+4
                  | Stlth--}.
 46098 | Depths:2 | 46098 ||| DROPPING +2 cloak of willpower.
 46282 | Depths:3 | 46282 ||| INVOKING Heroism.
 46372 | Depths:3 | 46372 ||| INVOKING Heroism.
 46373 | Depths:3 | 46373 ||| INVOKING Finesse.
 46461 | Depths:3 | 46461 ||| INVOKING Heroism.
 46466 | Depths:3 | Reached XP level 22. HP: 144/151 MP: 26/29
 46514 | Depths:3 | 46514 ||| INVOKING Heroism.
 46515 | Depths:3 | 46515 ||| INVOKING Finesse.
 46528 | Depths:3 | Reached skill level 20 in Fighting
 46602 | Depths:3 | 46602 ||| INVOKING Heroism.
 46606 | Depths:3 | 46606 ||| Stepping ~*~*~tactically~*~*~ (stealth).
 46618 | Depths:3 | Identified the +2 sling "Wuqapirch" {flame, *Corrode rPois
                  | Str+3 Int+4} (Okawaru gifted it to you on level 3 of the
                  | Depths)
 46618 | Depths:3 | Received a gift from Okawaru
 46677 | Depths:3 | 46677 ||| Stepping ~*~*~tactically~*~*~ (hiding).
 46683 | Depths:3 | 46683 ||| INVOKING Heroism.
 46684 | Depths:3 | 46684 ||| INVOKING Finesse.
 46729 | Depths:3 | 46729 ||| Stepping ~*~*~tactically~*~*~ (hiding).
 46785 | Depths:3 | 46785 ||| INVOKING Heroism.
 46786 | Depths:3 | 46786 ||| INVOKING Finesse.
 46787 | Depths:3 | Noticed a caustic shrike
 46796 | Depths:3 | Noticed a caustic shrike
 46808 | Depths:3 | Noticed a caustic shrike
 46810 | Depths:3 | Killed a caustic shrike
 46817 | Depths:3 | Noticed a caustic shrike
 46819 | Depths:3 | Killed a caustic shrike
 46825 | Depths:3 | Killed a caustic shrike
 46827 | Depths:3 | Noticed a caustic shrike
 46836 | Depths:3 | Killed a caustic shrike
 46838 | Depths:3 | Noticed a caustic shrike
 46847 | Depths:3 | 46847 ||| INVOKING Heroism.
 46847 | Depths:3 | Noticed a caustic shrike
 46862 | Depths:3 | Killed a caustic shrike
 46863 | Depths:3 | Killed a caustic shrike
 46871 | Depths:3 | Killed a caustic shrike
 46900 | Depths:3 | 46900 ||| INVOKING Finesse.
 46982 | Depths:3 | 46982 ||| INVOKING Heroism.
 47014 | Depths:3 | Reached skill level 21 in Shields
 47029 | Depths:3 | 47029 ||| INVOKING Finesse.
 47041 | Depths:3 | Received a gift from Okawaru
 47047 | Depths:3 | 47047 ||| Stepping ~*~*~tactically~*~*~ (hiding).
 47088 | Depths:3 | Noticed a juggernaut
 47089 | Depths:3 | 47089 ||| INVOKING Heroism.
 47103 | Depths:3 | Killed a juggernaut
 47149 | Depths:3 | 47149 ||| INVOKING Heroism.
 47171 | Depths:3 | Noticed Xtahua
 47172 | Depths:3 | 47172 ||| DRINKING 3 potions of resistance.
 47173 | Depths:3 | 47173 ||| INVOKING Finesse.
 47191 | Depths:3 | Killed Xtahua
 47221 | Depths:3 | 47221 ||| Stepping ~*~*~tactically~*~*~ (stealth).
 47223 | Depths:3 | 47223 ||| Stepping ~*~*~tactically~*~*~ (stealth).
 47226 | Depths:3 | 47226 ||| Stepping ~*~*~tactically~*~*~ (stealth).
 47336 | Depths:3 | 47336 ||| INVOKING Heroism.
 47432 | Depths:3 | Found a one-way gate to the infinite horrors of the Abyss.
 47459 | Depths:3 | 47459 ||| INVOKING Heroism.
 47468 | Depths:3 | Reached skill level 21 in Fighting
 47556 | Depths:3 | 47556 ||| DROPPING +1 pair of boots of stealth.
 47619 | Depths:4 | Entered Level 4 of the Depths
 47630 | Depths:4 | 47630 ||| INVOKING Heroism.
 47652 | Abyss:3  | Cast into level 3 of the Abyss (white draconian)
 47706 | Abyss:3  | 47706 ||| INVOKING Heroism.
 47714 | Abyss:3  | Received a gift from Okawaru
 47775 | Abyss:3  | 47775 ||| INVOKING Heroism.
 47794 | Abyss:3  | 47794 ||| Stepping ~*~*~tactically~*~*~ (hiding).
 47795 | Abyss:3  | 47795 ||| Stepping ~*~*~tactically~*~*~ (hiding).
 47796 | Abyss:3  | 47796 ||| Stepping ~*~*~tactically~*~*~ (hiding).
 47815 | Abyss:3  | Reached XP level 23. HP: 160/160 MP: 30/30
 47846 | Abyss:3  | 47846 ||| Stepping ~*~*~tactically~*~*~ (stealth).
 47851 | Abyss:3  | 47851 ||| Stepping ~*~*~tactically~*~*~ (hiding).
 47869 | Abyss:3  | 47869 ||| INVOKING Heroism.
 47892 | Abyss:3  | 47892 ||| Stepping ~*~*~tactically~*~*~ (hiding).
 47908 | Abyss:3  | 47908 ||| Stepping ~*~*~tactically~*~*~ (hiding).
 47913 | Abyss:3  | 47913 ||| Stepping ~*~*~tactically~*~*~ (stealth).
 47937 | Abyss:3  | Received a gift from Okawaru
 47940 | Abyss:3  | 47940 ||| Stepping ~*~*~tactically~*~*~ (stealth).
 47966 | Depths:4 | Escaped the Abyss
 47974 | Depths:4 | 47974 ||| INVOKING Heroism.
 48086 | Depths:4 | Noticed a caustic shrike
 48086 | Depths:4 | Noticed a caustic shrike
 48086 | Depths:4 | Noticed a caustic shrike
 48087 | Depths:4 | 48087 ||| INVOKING Heroism.
 48088 | Depths:4 | 48088 ||| INVOKING Finesse.
 48101 | Depths:4 | Killed a caustic shrike
 48103 | Depths:4 | Killed a caustic shrike
 48110 | Depths:4 | Killed a caustic shrike
 48216 | Depths:4 | Found a one-way gateway to a ziggurat.
 48244 | Depths:4 | Noticed a golden dragon
 48245 | Depths:4 | 48245 ||| INVOKING Heroism.
 48246 | Depths:4 | 48246 ||| INVOKING Finesse.
 48254 | Depths:4 | Killed a golden dragon
 48305 | Depths:4 | 48305 ||| Stepping ~*~*~tactically~*~*~ (hiding).
 48307 | Depths:4 | 48307 ||| Stepping ~*~*~tactically~*~*~ (hiding).
 48308 | Depths:4 | 48308 ||| Stepping ~*~*~tactically~*~*~ (hiding).
 48339 | Depths:4 | Found a gate to the Realm of Zot.
 48341 | Depths:4 | 48341 ||| Stepping ~*~*~tactically~*~*~ (hiding).
 48347 | Depths:4 | 48347 ||| INVOKING Heroism.
 48349 | Depths:4 | 48349 ||| Stepping ~*~*~tactically~*~*~ (hiding).
 48381 | Depths:4 | Reached skill level 9 in Dodging
 48407 | Depths:4 | 48407 ||| Stepping ~*~*~tactically~*~*~ (stealth).
 48857 | Depths:4 | Found a white marble altar of Elyvilon.
 48920 | Depths:4 | 48920 ||| PLANNING VAULTS:5
 49137 | Vaults:1 | 49137 ||| Stepping ~*~*~tactically~*~*~ (stealth).
 49250 | Vaults:5 | Entered Level 5 of the Vaults
 49251 | Vaults:5 | 49251 ||| INVOKING Heroism.
 49252 | Vaults:5 | 49252 ||| STAIRDANCE
 49278 | Vaults:5 | 49278 ||| STAIRDANCE
 49280 | Vaults:4 | 49280 ||| INVOKING Heroism.
 49322 | Vaults:4 | 49322 ||| UPGRADING to +1 tower shield of protection.
 49332 | Vaults:4 | 49332 ||| DROPPING +1 tower shield of cold resistance.
 49336 | Vaults:5 | 49336 ||| STAIRDANCE
 49349 | Vaults:4 | 49349 ||| INVOKING Heroism.
 49374 | Vaults:5 | 49374 ||| INVOKING Finesse.
 49384 | Vaults:5 | Reached skill level 22 in Fighting
 49432 | Vaults:5 | 49432 ||| Stepping ~*~*~tactically~*~*~ (hiding).
 49493 | Vaults:5 | 49493 ||| Stepping ~*~*~tactically~*~*~ (stealth).
 49495 | Vaults:5 | 49495 ||| Stepping ~*~*~tactically~*~*~ (hiding).
 49499 | Vaults:5 | 49499 ||| INVOKING Heroism.
 49521 | Vaults:5 | 49521 ||| INVOKING Finesse.
 49544 | Vaults:5 | 49544 ||| INVOKING Heroism.
 49597 | Vaults:5 | 49597 ||| Stepping ~*~*~tactically~*~*~ (stealth).
 49598 | Vaults:5 | 49598 ||| Stepping ~*~*~tactically~*~*~ (stealth).
 49605 | Vaults:5 | Noticed a golden dragon
 49606 | Vaults:5 | 49606 ||| Stepping ~*~*~tactically~*~*~ (stealth).
 49609 | Vaults:5 | 49609 ||| INVOKING Finesse.
 49621 | Vaults:5 | 49621 ||| INVOKING Heroism.
 49626 | Vaults:5 | Killed a golden dragon
 49627 | Vaults:5 | 49627 ||| Stepping ~*~*~tactically~*~*~ (hiding).
 49636 | Vaults:5 | 49636 ||| Stepping ~*~*~tactically~*~*~ (hiding).
 49644 | Vaults:5 | Received a gift from Okawaru
 49650 | Vaults:5 | 49650 ||| INVOKING Heroism.
 49666 | Vaults:5 | 49666 ||| Stepping ~*~*~tactically~*~*~ (hiding).
 49706 | Vaults:5 | 49706 ||| Stepping ~*~*~tactically~*~*~ (hiding).
 49759 | Vaults:5 | 49759 ||| Stepping ~*~*~tactically~*~*~ (stealth).
 49763 | Vaults:5 | 49763 ||| Stepping ~*~*~tactically~*~*~ (stealth).
 49764 | Vaults:5 | 49764 ||| Stepping ~*~*~tactically~*~*~ (hiding).
 49765 | Vaults:5 | 49765 ||| Stepping ~*~*~tactically~*~*~ (hiding).
 49766 | Vaults:5 | 49766 ||| INVOKING Heroism.
 49767 | Vaults:5 | 49767 ||| INVOKING Finesse.
 49776 | Vaults:5 | 49776 ||| Stepping ~*~*~tactically~*~*~ (stealth).
 49808 | Vaults:5 | Received a gift from Okawaru
 49812 | Vaults:5 | Reached skill level 21 in Armour
 49896 | Vaults:5 | 49896 ||| Stepping ~*~*~tactically~*~*~ (stealth).
 49898 | Vaults:5 | 49898 ||| Stepping ~*~*~tactically~*~*~ (hiding).
 49900 | Vaults:5 | 49900 ||| INVOKING Heroism.
 49919 | Vaults:5 | 49919 ||| Stepping ~*~*~tactically~*~*~ (stealth).
 49920 | Vaults:5 | 49920 ||| Stepping ~*~*~tactically~*~*~ (stealth).
 49923 | Vaults:5 | 49923 ||| Stepping ~*~*~tactically~*~*~ (stealth).
 49924 | Vaults:5 | 49924 ||| Stepping ~*~*~tactically~*~*~ (stealth).
 49926 | Vaults:5 | 49926 ||| Stepping ~*~*~tactically~*~*~ (stealth).
 49927 | Vaults:5 | 49927 ||| Stepping ~*~*~tactically~*~*~ (stealth).
 49931 | Vaults:5 | 49931 ||| Stepping ~*~*~tactically~*~*~ (stealth).
 49932 | Vaults:5 | 49932 ||| Stepping ~*~*~tactically~*~*~ (stealth).
 49935 | Vaults:5 | 49935 ||| Stepping ~*~*~tactically~*~*~ (stealth).
 49954 | Vaults:5 | 49954 ||| INVOKING Finesse.
 49962 | Vaults:5 | 49962 ||| INVOKING Heroism.
 49998 | Vaults:5 | 49998 ||| Stepping randomly (cloudy).
 49999 | Vaults:5 | 49999 ||| Stepping randomly (cloudy).
 50000 | Vaults:5 | 50000 ||| Stepping randomly (cloudy).
 50001 | Vaults:5 | 50001 ||| Stepping randomly (cloudy).
 50002 | Vaults:5 | 50002 ||| Stepping randomly (cloudy).
 50003 | Vaults:5 | 50003 ||| Stepping randomly (cloudy).
 50004 | Vaults:5 | 50004 ||| Stepping ~*~*~tactically~*~*~ (cloud).
 50011 | Vaults:5 | 50011 ||| Stepping ~*~*~tactically~*~*~ (stealth).
 50013 | Vaults:5 | 50013 ||| Stepping ~*~*~tactically~*~*~ (stealth).
 50014 | Vaults:5 | 50014 ||| Stepping ~*~*~tactically~*~*~ (stealth).
 50016 | Vaults:5 | 50016 ||| Stepping ~*~*~tactically~*~*~ (stealth).
 50017 | Vaults:5 | 50017 ||| FLEEEEING.
 50018 | Vaults:5 | 50018 ||| FLEEEEING.
 50019 | Vaults:5 | 50019 ||| FLEEEEING.
 50020 | Vaults:5 | 50020 ||| FLEEEEING.
 50021 | Vaults:5 | 50021 ||| FLEEEEING.
 50022 | Vaults:5 | 50022 ||| FLEEEEING.
 50023 | Vaults:5 | 50023 ||| FLEEEEING.
 50024 | Vaults:5 | 50024 ||| FLEEEEING.
 50025 | Vaults:5 | 50025 ||| FLEEEEING.
 50026 | Vaults:5 | 50026 ||| FLEEEEING.
 50027 | Vaults:5 | 50027 ||| FLEEEEING.
 50028 | Vaults:5 | 50028 ||| FLEEEEING.
 50029 | Vaults:5 | 50029 ||| FLEEEEING.
 50030 | Vaults:5 | 50030 ||| FLEEEEING.
 50031 | Vaults:5 | 50031 ||| FLEEEEING.
 50032 | Vaults:5 | 50032 ||| STAIRDANCE
 50187 | Vaults:5 | 50187 ||| INVOKING Heroism.
 50188 | Vaults:5 | 50188 ||| STAIRDANCE
 50197 | Vaults:4 | Received a gift from Okawaru
 50215 | Vaults:5 | 50215 ||| Stepping ~*~*~tactically~*~*~ (hiding).
 50236 | Vaults:5 | 50236 ||| Stepping ~*~*~tactically~*~*~ (stealth).
 50285 | Vaults:5 | 50285 ||| INVOKING Heroism.
 50369 | Vaults:5 | 50369 ||| Stepping ~*~*~tactically~*~*~ (hiding).
 50376 | Vaults:5 | 50376 ||| INVOKING Heroism.
 50399 | Vaults:5 | Reached XP level 24. HP: 168/168 MP: 30/30
 50510 | Vaults:5 | Got a silver rune of Zot
 50541 | Vaults:5 | Identified the +5 war axe of Amortisation {vorpal, Dex+2}
 50573 | Vaults:5 | Received a gift from Okawaru
 50609 | Vaults:5 | 50609 ||| Stepping ~*~*~tactically~*~*~ (hiding).
 50633 | Vaults:5 | 50633 ||| Stepping ~*~*~tactically~*~*~ (hiding).
 50634 | Vaults:5 | 50634 ||| Stepping ~*~*~tactically~*~*~ (hiding).
 50649 | Vaults:5 | 50649 ||| Stepping ~*~*~tactically~*~*~ (hiding).
 50652 | Vaults:5 | 50652 ||| Stepping ~*~*~tactically~*~*~ (stealth).
 50693 | Vaults:5 | 50693 ||| Stepping ~*~*~tactically~*~*~ (hiding).
 50694 | Vaults:5 | 50694 ||| Stepping ~*~*~tactically~*~*~ (hiding).
 50695 | Vaults:5 | 50695 ||| Stepping ~*~*~tactically~*~*~ (hiding).
 50697 | Vaults:5 | 50697 ||| INVOKING Heroism.
 50722 | Vaults:5 | Identified the +0 scale mail of Kenaul {rCorr Stlth+}
 50727 | Vaults:5 | 50727 ||| INVOKING Heroism.
 50771 | Vaults:5 | 50771 ||| Stepping ~*~*~tactically~*~*~ (stealth).
 50773 | Vaults:5 | 50773 ||| Stepping ~*~*~tactically~*~*~ (hiding).
 50790 | Vaults:5 | 50790 ||| Stepping ~*~*~tactically~*~*~ (stealth).
 50864 | Vaults:5 | 50864 ||| INVOKING Heroism.
 50866 | Vaults:5 | Noticed an ancient lich
 50867 | Vaults:5 | 50867 ||| INVOKING Finesse.
 50884 | Vaults:5 | Received a gift from Okawaru
 50902 | Vaults:5 | Killed an ancient lich
 50933 | Vaults:5 | 50933 ||| Stepping ~*~*~tactically~*~*~ (stealth).
 50934 | Vaults:5 | 50934 ||| Stepping ~*~*~tactically~*~*~ (stealth).
 50973 | Vaults:5 | 50973 ||| INVOKING Heroism.
 51001 | Vaults:5 | 51001 ||| Stepping ~*~*~tactically~*~*~ (hiding).
 51099 | Vaults:5 | 51099 ||| Stepping ~*~*~tactically~*~*~ (hiding).
 51257 | Vaults:5 | 51257 ||| Stepping ~*~*~tactically~*~*~ (stealth).
 51266 | Vaults:5 | 51266 ||| INVOKING Heroism.
 51302 | Vaults:5 | 51302 ||| INVOKING Heroism.
 51316 | Vaults:5 | Identified the +0 scale mail of Linkar {+Blink}
 51334 | Vaults:5 | 51334 ||| INVOKING Heroism.
 51342 | Vaults:5 | Received a gift from Okawaru
 51368 | Vaults:5 | Reached skill level 12 in Throwing
 51444 | Vaults:5 | 51444 ||| Stepping ~*~*~tactically~*~*~ (hiding).
 51740 | Vaults:5 | 51740 ||| INVOKING Heroism.
 51741 | Vaults:5 | 51741 ||| INVOKING Finesse.
 51750 | Vaults:5 | Received a gift from Okawaru
 51821 | Vaults:5 | Identified the +0 robe of the Circus Animal {-Cast Harm
                  | rC+++ Int-3}
 51821 | Vaults:5 | Identified the ring of Buured {rC+ Dex+4}
 51822 | Vaults:5 | 51822 ||| Stepping ~*~*~tactically~*~*~ (hiding).
 51826 | Vaults:5 | 51826 ||| INVOKING Heroism.
 51855 | Vaults:5 | Identified the +3 leather armour "Poch" {*Slow rC+++ Will-
                  | Int+5}
 51855 | Vaults:5 | Identified the amulet of Izxeic {Reflect rF+ SH+5}
 51855 | Vaults:5 | Found the +8 orange crystal plate armour {Archmagi, Int+3
                  | Clar}
 51864 | Vaults:5 | 51864 ||| INVOKING Heroism.
 52057 | Vaults:5 | Identified the +9 sling "Mis Xaock" {freeze, rElec Will+++
                  | Int+3 Dex-3}
 52066 | Vaults:5 | Identified the +3 hand axe of Generosity {freeze, *Noise
                  | rN+ Dex+8}
 52124 | Vaults:5 | 52124 ||| PLANNING SHOPPING SPREE
 52124 | Vaults:5 | 52124 ||| DROPPING +0 gold dragon scales.
 52125 | Vaults:5 | 52125 ||| DROPPING +2 crystal plate armour.
 52126 | Vaults:5 | 52126 ||| DROPPING +1 cloak of willpower.
 52127 | Vaults:5 | 52127 ||| UPGRADING to +8 orange crystal plate armour
                  | {Archmagi, Int+3 Clar}.
 52137 | Vaults:5 | 52137 ||| DROPPING +8 plate armour "Hyuraa" {rElec Will+}.
 52138 | Vaults:5 | 52138 ||| DROPPING +1 cloak of poison resistance.
 52139 | Vaults:5 | 52139 ||| UPGRADING to amulet of Izxeic {Reflect rF+ SH+5}.
 52149 | Vaults:5 | 52149 ||| DROPPING amulet of reflection.
 52531 | D:3      | 52531 ||| BUYING potion of curing (33 gold).
 52531 | D:3      | Bought a potion of curing for 33 gold pieces
 52531 | D:3      | 52531 ||| BUYING potion of curing (33 gold).
 52531 | D:3      | Bought a potion of curing for 33 gold pieces
 52531 | D:3      | 52531 ||| BUYING potion of heal wounds (55 gold).
 52531 | D:3      | Bought a potion of heal wounds for 55 gold pieces
 52752 | Snake:1  | 52752 ||| Stepping ~*~*~tactically~*~*~ (hiding).
 52753 | Snake:1  | 52753 ||| Stepping ~*~*~tactically~*~*~ (hiding).
 52756 | Snake:1  | 52756 ||| Stepping ~*~*~tactically~*~*~ (hiding).
 52758 | Snake:1  | 52758 ||| Stepping ~*~*~tactically~*~*~ (hiding).
 52760 | Snake:1  | 52760 ||| Stepping ~*~*~tactically~*~*~ (hiding).
 52797 | Snake:1  | 52797 ||| BUYING potion of cancellation (96 gold).
 52797 | Snake:1  | Bought a potion of cancellation for 96 gold pieces
 53005 | Orc:2    | 53005 ||| BUYING ring of protection from fire (300 gold).
 53005 | Orc:2    | Bought a ring of protection from fire for 300 gold pieces
 53005 | Orc:2    | 53005 ||| DROPPING ring of fire.
 53117 | Orc:2    | 53117 ||| BUYING amulet of Wouhas {+Inv Regen+ Str+2 Int-3
                  | Dex+9} (912 gold).
 53117 | Orc:2    | Bought the amulet of Wouhas {+Inv Regen+ Str+2 Int-3 Dex+9}
                  | for 912 gold pieces
 53117 | Orc:2    | 53117 ||| BUYING ring of protection from fire (375 gold).
 53117 | Orc:2    | Bought a ring of protection from fire for 375 gold pieces
 53117 | Orc:2    | 53117 ||| DROPPING ring of fire.
 53152 | Orc:2    | 53152 ||| BUYING potion of experience (500 gold).
 53152 | Orc:2    | Bought a potion of experience for 500 gold pieces
 53152 | Orc:2    | 53152 ||| DRINKING potion of experience.
 53152 | Orc:2    | Reached XP level 25. HP: 175/175 MP: 30/30
 53153 | Orc:2    | 53153 ||| PLANNING ZOT:1-4
 53467 | Zot:1    | Entered Level 1 of the Realm of Zot
 53468 | Zot:1    | 53468 ||| INVOKING Heroism.
 53469 | Zot:1    | Noticed a dread lich
 53470 | Zot:1    | 53470 ||| INVOKING Finesse.
 53476 | Zot:1    | Noticed a dread lich
 53496 | Zot:1    | Received a gift from Okawaru
 53505 | Zot:1    | Paralysed by a dread lich for 2 turns
 53516 | Zot:1    | Killed a dread lich
 53516 | Zot:1    | Received a gift from Okawaru
 53519 | Zot:1    | Killed a dread lich
 53520 | Zot:1    | HP: 41/175 [??? (9)]
 53521 | Zot:1    | 53521 ||| READING 6 scrolls of teleportation.
 53522 | Zot:1    | 53522 ||| DRINKING 5 potions of heal wounds.
 53524 | Zot:1    | Identified the +9 eveningstar "Zeido" {antimagic, Int+2}
                  | (Okawaru gifted it to you on level 1 of the Realm of Zot)
 53524 | Zot:1    | Received a gift from Okawaru
 53558 | Zot:1    | Reached skill level 23 in Fighting
 53598 | Zot:1    | 53598 ||| Stepping ~*~*~tactically~*~*~ (hiding).
 53602 | Zot:1    | 53602 ||| Stepping ~*~*~tactically~*~*~ (hiding).
 53766 | Zot:1    | 53766 ||| INVOKING Heroism.
 53990 | Zot:1    | Identified the +0 sling of Feeding Terror {flame, rElec rF+
                  | Dex+3}
 54400 | Zot:1    | 54400 ||| Stepping ~*~*~tactically~*~*~ (hiding).
 54409 | Zot:1    | 54409 ||| INVOKING Heroism.
 54413 | Zot:1    | 54413 ||| Stepping ~*~*~tactically~*~*~ (hiding).
 54435 | Zot:1    | 54435 ||| READING scroll of enchant weapon.
 54435 | Zot:1    | 54435 ||| ENCHANTING +1 vampiric broad axe.
 54455 | Zot:1    | 54455 ||| INVOKING Heroism.
 54465 | Zot:1    | Reached XP level 26. HP: 164/183 MP: 29/30
 54473 | Zot:1    | Received a gift from Okawaru
 54498 | Zot:1    | 54498 ||| Stepping ~*~*~tactically~*~*~ (hiding).
 54694 | Zot:1    | 54694 ||| Stepping ~*~*~tactically~*~*~ (hiding).
 54697 | Zot:1    | 54697 ||| INVOKING Heroism.
 54713 | Zot:1    | 54713 ||| Stepping ~*~*~tactically~*~*~ (hiding).
 55005 | Zot:1    | 55005 ||| Stepping ~*~*~tactically~*~*~ (hiding).
 55006 | Zot:1    | 55006 ||| Stepping ~*~*~tactically~*~*~ (hiding).
 55009 | Zot:1    | 55009 ||| Stepping ~*~*~tactically~*~*~ (hiding).
 55010 | Zot:1    | 55010 ||| Stepping ~*~*~tactically~*~*~ (hiding).
 55169 | Zot:1    | 55169 ||| DROPPING +2 pair of boots of stealth.
 55210 | Zot:2    | 55210 ||| INVOKING Heroism.
 55212 | Zot:2    | 55212 ||| STAIRDANCE
 55221 | Zot:2    | 55221 ||| STAIRDANCE
 55246 | Zot:2    | Reached skill level 24 in Fighting
 55291 | Zot:2    | 55291 ||| INVOKING Heroism.
 55328 | Zot:2    | 55328 ||| INVOKING Heroism.
 55451 | Zot:2    | 55451 ||| Stepping ~*~*~tactically~*~*~ (hiding).
 55456 | Zot:2    | 55456 ||| INVOKING Heroism.
 55494 | Zot:2    | 55494 ||| Stepping ~*~*~tactically~*~*~ (hiding).
 55495 | Zot:2    | 55495 ||| Stepping ~*~*~tactically~*~*~ (hiding).
 55496 | Zot:2    | 55496 ||| Stepping ~*~*~tactically~*~*~ (hiding).
 55657 | Zot:2    | 55657 ||| INVOKING Heroism.
 55706 | Zot:2    | 55706 ||| INVOKING Heroism.
 55792 | Zot:2    | You are sucked into a shaft and drop 1 floor!
 55796 | Zot:3    | 55796 ||| INVOKING Heroism.
 55841 | Zot:3    | 55841 ||| DROPPING +2 pair of boots.
 55925 | Zot:2    | 55925 ||| INVOKING Heroism.
 55992 | Zot:2    | 55992 ||| Stepping ~*~*~tactically~*~*~ (stealth).
 55994 | Zot:2    | 55994 ||| Stepping ~*~*~tactically~*~*~ (stealth).
 55995 | Zot:2    | 55995 ||| Stepping ~*~*~tactically~*~*~ (stealth).
 55997 | Zot:2    | 55997 ||| Stepping ~*~*~tactically~*~*~ (stealth).
 55998 | Zot:2    | 55998 ||| Stepping ~*~*~tactically~*~*~ (stealth).
 56109 | Zot:2    | 56109 ||| Stepping ~*~*~tactically~*~*~ (stealth).
 56113 | Zot:2    | 56113 ||| INVOKING Heroism.
 56131 | Zot:2    | 56131 ||| Stepping ~*~*~tactically~*~*~ (hiding).
 56136 | Zot:2    | 56136 ||| Stepping ~*~*~tactically~*~*~ (hiding).
 56383 | Zot:3    | 56383 ||| STAIRDANCE
 56624 | Zot:3    | 56624 ||| Stepping ~*~*~tactically~*~*~ (hiding).
 56632 | Zot:3    | 56632 ||| INVOKING Heroism.
 56637 | Zot:3    | 56637 ||| Stepping ~*~*~tactically~*~*~ (hiding).
 56673 | Zot:3    | Reached skill level 25 in Fighting
 56727 | Zot:3    | 56727 ||| INVOKING Heroism.
 56735 | Zot:3    | HP: 42/188 [living spell/divine providence[a walking divine
                  | tome] (13)]
 56736 | Zot:3    | 56736 ||| READING 8 scrolls of teleportation.
 56736 | Zot:3    | HP: 6/188 [living spell/divine providence[a walking divine
                  | tome] (17)]
 56736 | Zot:3    | Killed from afar by a living spell

Levels and vault maps discovered:
D:1:      amcnicky_arrival_blooded_trapdoor, layout_basic, serial_shops, shop,
          grunt_decor_junction
D:2:      minmay_chambers_of_ones, layout_loops_ring,
          chequers_serial_rivers_room_a, serial_bayou_ford_a,
          minmay_misc_feat_diagonals, kennysheep_generic_room_14
D:3:      layout_loops_cross, serial_shops, nicolae_shop_hallway_plus,
          gammafunk_ghost_arena, uniq_terence
D:4:      layout_layer_cave, minmay_temple_entry_ruins,
          minmay_misc_feat_nine_boxes, minmay_misc_feat_tower
D:5:      layout_basic
D:6:      layout_loops_corners, nicolae_underground_beach, uniq_menkaure
D:7:      layout_basic
D:8:      layout_basic, gammafunk_temple_overflow_wave, serial_shops, shop,
          uniq_maggie
D:9:      layout_irregular_city, serial_shops, nicolae_lakefront_shop,
          uniq_gastronok
D:10:     layout_basic, david_orc_5, uniq_joseph
D:11:     nzn_winding_woodlands_cross [nzn_winding_woodlands_5x15_crooked,
          nzn_winding_woodlands_5x15_lazy_stream,
          nzn_winding_woodlands_5x15_twine, nzn_winding_woodlands_5x15_sawtooth,
          nzn_winding_woodlands_15x15_boxy_spiral], layout_cave_pools,
          uniq_amaemon
D:12:     layout_loops_ring, lightli_minifort, uniq_josephine
D:13:     layout_basic, serial_shops, bzr_entry_customers
D:14:     layout_irregular_city, skrybe_vaults_entry_preservation,
          okawaru_metal_pillars_3
D:15:     grunt_enter_depths_hoard, layout_cave_pools, serial_shops, shop,
          hangedman_abyss_or_decor_passed, uniq_rupert, uniq_agnes
Temple:   nicolae_temple_slightly_damp_pantheon
Lair:1:   beast_lair_carwin_large_2, layout_chaotic_city, basic_altar,
          st_stairs_10, dreamdust_gnoll_shepherd
Lair:2:   layout_cave_pods, guppyfry_snake_entry_island
Lair:3:   hellmonk_ruined_rings, layout_chaotic_city,
          minmay_shoals_entry_centaurs
Lair:4:   layout_regular_city, slime_entry_1
Lair:5:   minmay_lair_end_enchanted_forest, layout_regular_city,
          infiniplex_staircase_pool_2, serial_bayou_shore_a
Shoals:1: layout_shoals, nicolae_shoals_water_booths, uniq_donald, uniq_jorgrun
Shoals:2: layout_shoals
Shoals:3: layout_shoals, serial_shops, shop,
          nicolae_shoals_siren_and_animal_friends
Shoals:4: shoals_end_grunt_garden, layout_shoals,
          portal_ice_cave_entry_pillars_2
Snake:1:  layout_basic, serial_shops, shop_fountains, minmay_shop_star,
          uniq_asterion
Snake:2:  layout_grid_shapes, serial_shops, nicolae_shop_trees
Snake:3:  nicolae_cobra_stairs, layout_grid_maze
Snake:4:  hellmonk_snake_rune_quicksilver_temple, layout_cave_town,
          serial_bayou_shore_b, serial_bayou_shore_b, grunt_megastairs_5
Orc:1:    layout_caves
Orc:2:    hellmonk_orc_salted, layout_caves, serial_shops, shop,
          nicolae_diamond_shop, shop,
          nicolae_shop_temple_entry_statues_fountains, shop_statue, basic_altar
Vaults:1: hangedman_vaults_cutoff, nicolae_vaults_quartermaster, v_misc_2,
          hangedman_vaults_slice, v_pattern_4, dpeg_vaults_monster_row,
          grunt_vaults_focal, vaults_dpeg_emergency_exit, ontoclasm_vaults_eye,
          layout_vaults_chaotic_city, serial_glass, uniq_nikola
Vaults:2: v_misc_8, nicolae_vaults_gold_heap, hangedman_vaults_stagger,
          minmay_crypt_entry_necro_gods, v_alt_pattern_5, gammafunk_the_bubble
          [the_bubble_gammafunk_grid], ontoclasm_vaults_claustrophobia,
          v_misc_1, vaults_room_grunt_arrival_checkpoint, v_pattern_1,
          vaults_room_door_hall, grunt_vaults_hallway_short, layout_vaults_maze,
          uniq_margery
Vaults:3: nicolae_vaults_little_squares_4, v_misc_13, hangedman_vaults_corner,
          vaults_room_boxed, v_misc_2, grunt_vaults_twisty, v_rooms_2,
          hangedman_vaults_impose, ontoclasm_vaults_twist,
          ontoclasm_vaults_misaligned, grunt_vaults_hallway_long,
          grunt_vaults_hallway_short, layout_vaults_big_cross, serial_shops,
          shop, uniq_bai_suzhen
Vaults:4: v_alt_pattern_4, nicolae_vaults_twisting_passages, v_misc_14,
          v_misc_32, nicolae_vaults_little_squares_4, nicolae_vaults_asterisk,
          layout_vaults_omnigrid, serial_shops, nicolae_shop_behind_doors
Vaults:5: serial_shops
Depths:1: layout_basic, serial_shops, nicolae_diamond_shop,
          pf_hell_entry_tar_river, drop_trap, nicolae_diode_intersection,
          minmay_shoptagon, firewood_loft, uniq_aizul
Depths:2: grunt_double_whammy, layout_basic, pf_coc_iceberg,
          gammafunk_ghost_smash, rand_demon_pan_entry_3, kennysheep_flooded_box,
          hangedman_decor_push, kennysheep_another_room
Depths:3: grunt_runaround [grunt_runaround_doors_1, grunt_runaround_doors_2,
          grunt_runaround_doors_3, grunt_runaround_doors_4,
          grunt_runaround_loot], hell_entry, abyss_entry, uniq_xtahua
Depths:4: evilmike_zot_entry_diamond, layout_long_grid, enter_ziggurat_e,
          nicolae_hexahallways, hell_entry, minmay_misc_feat_encased,
          nicolae_elyvilon_temple_path
Zot:1:    hangedman_zot_vaults_quadrants, layout_cathedral_of_symmetry
Zot:2:    layout_misc_corridors, st_stairs_10
Zot:3:    grunt_zot_stairs_overgrown, layout_twisted_circle,
          nicolae_rock_paper_scissors, uniq_grunn

Skill      XL: |  1  2  3  4  5  6  7  8  9 10 11 12 13 14 15 16 17 18 19 20 21 22 23 24 25 26 |
---------------+-------------------------------------------------------------------------------+-----
Axes           | 3 4 5 6 8 9 10 11 13 15 16 17 18 | 18.0
Armour         | 1 2 4 5 7 8 9 10 11 13 15 16 18 19 21 22 | 22.0
Shields        | 3 5 6 7 9 10 11 12 13 15 17 18 19 20 21 22 | 22.0
Fighting       | 4 5 6 7 9 10 11 12 13 15 16 18 19 21 22 23 25 | 25.0
Invocations    | 1 4 6 10 | 10.2
Throwing       | 1 2 3 4 5 6 8 9 10 12 13 14 | 14.0
Dodging        | 2 4 5 6 7 8 9 |  9.0
Stealth        | |  5.4

Action                   |  1- 3 |  4- 6 |  7- 9 | 10-12 | 13-15 | 16-18 | 19-21 | 22-24 | 25-27 || total
-------------------------+-------+-------+-------+-------+-------+-------+-------+-------+-------++-------
Melee: Hand axe          |    86 |   211 |    84 |       |       |       |       |       |       ||   381
       Punch             |     1 |       |       |       |       |       |       |       |       ||     1
       War axe           |       |       |   247 |   365 |       |       |       |       |       ||   612
       Broad axe         |       |       |       |   315 |  1054 |  1200 |  1653 |  1468 |   688 ||  6378
       Demon whip        |       |       |       |     9 |       |       |       |       |       ||     9
       Mace              |       |       |       |       |     6 |       |       |       |       ||     6
Throw: Boomerang         |       |    33 |     1 |       |    65 |    19 |    83 |    32 |       ||   233
       Javelin           |       |       |    35 |    68 |   107 |    30 |    37 |    40 |    24 ||   341
Invok: Heroism           |       |       |    12 |    27 |    48 |    40 |    45 |    41 |    16 ||   229
       Finesse           |       |       |       |     3 |    13 |     7 |     9 |    15 |     1 ||    48
  Use: Scroll            |       |     6 |    13 |     6 |     8 |     2 |     3 |       |     3 ||    41
       Potion            |       |     2 |     4 |     8 |     2 |     4 |       |     2 |     1 ||    23
 Stab: Sleeping          |     2 |     2 |       |       |       |       |       |       |       ||     4
       Distracted        |     1 |       |       |       |     2 |       |       |       |       ||     3
       Invisible         |       |       |       |       |       |       |     2 |    16 |     4 ||    22
Armor: Leather armour    |    27 |    22 |       |       |       |       |       |       |       ||    49
       Scale mail        |       |    48 |    10 |       |       |       |       |       |       ||    58
       Fire dragon scale |       |       |    44 |       |       |       |       |       |       ||    44
       Plate armour      |       |       |   108 |   229 |   446 |   369 |   561 |   326 |       ||  2039
       Crystal plate arm |       |       |       |       |       |       |       |     1 |   359 ||   360
Dodge: Dodged            |    45 |   105 |   111 |   179 |   244 |   229 |   294 |   313 |   240 ||  1760
       Repelled          |       |       |     3 |     9 |     9 |    19 |       |       |       ||    40
Block: Other             |       |     4 |       |       |       |       |       |       |       ||     4
       Kite shield       |       |    90 |   257 |   513 |   767 |   128 |       |       |       ||  1755
       Reflection        |       |       |     6 |    11 |    28 |   166 |   101 |    59 |     8 ||   379
       Tower shield      |       |       |       |       |       |  1281 |  1630 |  1216 |   868 ||  4995

Table legend:
 A = Non-vault XP
 B = Vault XP
 C = Vault XP percentage of total XP
 D = Non-vault monster count
 E = Vault monster count
 F = Vault count percentage of total count
                 A         B        C        D         E       F
            +---------+---------+-------+---------+---------+-------
      Total |  572562 |  481216 |  45.7 |    1128 |     634 |  36.0
            +---------+---------+-------+---------+---------+-------
        D:1 |      47 |       0 |   0.0 |      26 |       0 |   0.0
        D:2 |      30 |      22 |  42.3 |      17 |       6 |  26.1
        D:3 |     167 |      36 |  17.7 |      27 |       1 |   3.6
        D:4 |     429 |       0 |   0.0 |      21 |       0 |   0.0
        D:5 |     352 |       0 |   0.0 |      12 |       0 |   0.0
        D:6 |     707 |     157 |  18.2 |      19 |       1 |   5.0
        D:7 |     945 |       0 |   0.0 |      22 |       0 |   0.0
        D:8 |    1305 |     398 |  23.4 |      20 |       1 |   4.8
        D:9 |    1323 |    1539 |  53.8 |      14 |       1 |   6.7
       D:10 |    2250 |     972 |  30.2 |      10 |      25 |  71.4
       D:11 |     924 |    9242 |  90.9 |      10 |      19 |  65.5
       D:12 |    6405 |    2527 |  28.3 |      30 |      12 |  28.6
       D:13 |    2724 |       0 |   0.0 |       7 |       0 |   0.0
       D:14 |   11272 |    4781 |  29.8 |      21 |       9 |  30.0
       D:15 |    3469 |    4141 |  54.4 |       6 |       3 |  33.3
     Lair:1 |    1595 |    1869 |  54.0 |       5 |      10 |  66.7
     Lair:2 |    2770 |     505 |  15.4 |       8 |       3 |  27.3
     Lair:3 |    3579 |     223 |   5.9 |      11 |       2 |  15.4
     Lair:4 |   12496 |       0 |   0.0 |      43 |       0 |   0.0
     Lair:5 |    8176 |    8987 |  52.4 |      24 |      44 |  64.7
   Shoals:1 |   17269 |    7668 |  30.7 |      31 |       7 |  18.4
   Shoals:2 |   13183 |       0 |   0.0 |      23 |       0 |   0.0
   Shoals:3 |   10204 |    4137 |  28.8 |      21 |       8 |  27.6
   Shoals:4 |    9448 |   17998 |  65.6 |      18 |      30 |  62.5
    Snake:1 |   11470 |    1659 |  12.6 |      25 |       1 |   3.8
    Snake:2 |   26694 |       0 |   0.0 |      53 |       0 |   0.0
    Snake:3 |   25011 |   12808 |  33.9 |      50 |      17 |  25.4
    Snake:4 |   21938 |   18193 |  45.3 |      43 |      23 |  34.8
      Orc:1 |    1410 |       0 |   0.0 |      20 |       0 |   0.0
      Orc:2 |    2022 |   15185 |  88.2 |      18 |      39 |  68.4
   Vaults:1 |   28624 |   27158 |  48.7 |      42 |      35 |  45.5
   Vaults:2 |   33663 |   20680 |  38.1 |      49 |      32 |  39.5
   Vaults:3 |   32577 |   29414 |  47.4 |      55 |      38 |  40.9
   Vaults:4 |   42256 |   24705 |  36.9 |      60 |      30 |  33.3
   Vaults:5 |   40628 |   93812 |  69.8 |      55 |      85 |  60.7
   Depths:1 |    8941 |    5846 |  39.5 |       9 |       5 |  35.7
   Depths:2 |   25342 |   16785 |  39.8 |      30 |      18 |  37.5
   Depths:3 |     781 |  101860 |  99.2 |       3 |      90 |  96.8
   Depths:4 |   25980 |   12131 |  31.8 |      28 |      10 |  26.3
      Zot:1 |   50053 |   33159 |  39.8 |      46 |      27 |  37.0
      Zot:2 |   58703 |    1362 |   2.3 |      48 |       1 |   2.0
      Zot:3 |   10529 |    1257 |  10.7 |      12 |       1 |   7.7
    Abyss:3 |   14871 |       0 |   0.0 |      36 |       0 |   0.0
            +---------+---------+-------+---------+---------+-------
